Workbook

Sheet ЛСР
L1: Приложение №
L2: к Договору подряда №
B3: ПОДРЯДЧИК: | D3: ЗАКАЗЧИК: | I3: ТЕХНИЧЕСКИЙ ЗАКАЗЧИК:
D4: ООО "ЭНКО СТРОЙ" | I4: ООО "Технический заказчик "ЭНКО"
D6: ___________/С.И. Ярков | I6: ___________/С.И. Ярков
D8: Локальный сметный расчет №
D9: Устройство системы ПС и СОУЭ. ГП-214
A11: № | B11: Наименование | C11: Марка | D11: Характеристика | E11: Ед. изм. | F11: ГП-214.1 | G11: ГП-214.2 | H11: Кол-во | I11: Цена | J11: Сумма | K11: Примечание | L11: Форма закупа материала
A12: 11 | B12: Внутренние инженерные сети
A13: 11.10. | B13: Система пожарной сигнализации и система оповещения и управления эвакуацией людей при пожаре
A14: 11.10.01 | B14: Прокладка КПП, трубы
J15: =J16+J20 -> 0
B16: Работа: | J16: =SUM(J17:J19) -> 0
B17: Прокладка КПП | E17: м | F17: =SUM(F21:F26) -> 7920 | G17: =SUM(G21:G26) -> 13370 | H17: =SUM(F17:G17) -> 21290 | I17: =VLOOKUP(B17,СМР!$B$3:$H$9,7,0) -> 0 | J17: =I17*H17 -> 0
B18: Прокладка металлорукава | E18: м | F18: =F27 -> 700 | G18: =G27 -> 650 | H18: =SUM(F18:G18) -> 1350 | I18: =VLOOKUP(B18,СМР!$B$3:$H$9,7,0) -> 0 | J18: =I18*H18 -> 0
B19: Прокладка трубы | E19: м | F19: =SUM(F28:F31) -> 3879.2 | G19: =SUM(G28:G31) -> 6582 | H19: =SUM(F19:G19) -> 10461.2 | I19: =VLOOKUP(B19,СМР!$B$3:$H$9,7,0) -> 0 | J19: =I19*H19 -> 0
B20: Материалы: | J20: =SUM(J21:J32) -> 0
B21: Кабель тип 1 | C21: КПСнг(А)-FRLS | D21: симметричной парной скрутки, сеч. 1х2х0,5 мм2 | E21: м | F21: 4950 | G21: 8600 | H21: =SUM(F21:G21) -> 13550 | I21: =VLOOKUP($B21,ТМЦ!$B$3:$L$69,8,0) -> 0 | J21: =I21*H21 -> 0 | L21: =VLOOKUP($B21,ТМЦ!$B$3:$L$69,11,0) -> 0
B22: Кабель тип 2 | C22: КПСнг(А)-FRLS | D22: симметричной парной скрутки, сеч. 1х2х1,5 мм2 | E22: м | F22: 1700 | G22: 3100 | H22: =SUM(F22:G22) -> 4800 | I22: =VLOOKUP($B22,ТМЦ!$B$3:$L$69,8,0) -> 0 | J22: =I22*H22 -> 0 | L22: =VLOOKUP($B22,ТМЦ!$B$3:$L$69,11,0) -> 0
B23: Кабель тип 3 | C23: КПСнг(А)-FRLS | D23: симметричной парной скрутки, сеч. 2х2х0,2 мм2 | E23: м | F23: 200 | G23: 230 | H23: =SUM(F23:G23) -> 430 | I23: =VLOOKUP($B23,ТМЦ!$B$3:$L$69,8,0) -> 0 | J23: =I23*H23 -> 0 | L23: =VLOOKUP($B23,ТМЦ!$B$3:$L$69,11,0) -> 0
B24: Кабель тип 4 | C24: ВВГнг(А)-FRLS | D24: Кабель огнестойкий силовой, сеч. 5x1,5 мм2 | E24: м | F24: 80 | G24: 80 | H24: =SUM(F24:G24) -> 160 | I24: =VLOOKUP($B24,ТМЦ!$B$3:$L$69,8,0) -> 0 | J24: =I24*H24 -> 0 | L24: =VLOOKUP($B24,ТМЦ!$B$3:$L$69,11,0) -> 0
B25: Кабель тип 5 | C25: ВВГнг(А)-FRLS | D25: огнестойкий силовой, сеч. 3x1,5 мм2 | E25: м | F25: 400 | G25: 550 | H25: =SUM(F25:G25) -> 950 | I25: =VLOOKUP($B25,ТМЦ!$B$3:$L$69,8,0) -> 0 | J25: =I25*H25 -> 0 | L25: =VLOOKUP($B25,ТМЦ!$B$3:$L$69,11,0) -> 0
B26: Кабель тип 6 | C26: КПСнг(А)-FRLS | D26: симметричной парной скрутки, сеч. 2х2х0,5 мм2 | E26: м | F26: 590 | G26: 810 | H26: =SUM(F26:G26) -> 1400 | I26: =VLOOKUP($B26,ТМЦ!$B$3:$L$69,8,0) -> 0 | J26: =I26*H26 -> 0 | L26: =VLOOKUP($B26,ТМЦ!$B$3:$L$69,11,0) -> 0
B27: Металлорукав | D27: в ПВХ изоляции МРПИ НГ д20 морозостойкий черный, УХЛ1 | E27: м | F27: 700 | G27: 650 | H27: =SUM(F27:G27) -> 1350 | I27: =VLOOKUP($B27,ТМЦ!$B$3:$L$69,8,0) -> 0 | J27: =I27*H27 -> 0 | L27: =VLOOKUP($B27,ТМЦ!$B$3:$L$69,11,0) -> 0
B28: Труба тип 1 | D28: гофрированная самозатухающая ТГТ СЗ Ø 16 мм с зондом | E28: м | F28: 3500 | G28: 6000 | H28: =SUM(F28:G28) -> 9500 | I28: =VLOOKUP($B28,ТМЦ!$B$3:$L$69,8,0) -> 0 | J28: =I28*H28 -> 0 | L28: =VLOOKUP($B28,ТМЦ!$B$3:$L$69,11,0) -> 0
B29: Труба тип 2 | D29: гофрированная самозатухающая ТГТ СЗ Ø 25 мм с зондом | E29: м | F29: 300 | G29: 450 | H29: =SUM(F29:G29) -> 750 | I29: =VLOOKUP($B29,ТМЦ!$B$3:$L$69,8,0) -> 0 | J29: =I29*H29 -> 0 | L29: =VLOOKUP($B29,ТМЦ!$B$3:$L$69,11,0) -> 0
B30: Труба тип 3 | D30: жесткая ПВХ д50 CTR10-063-K41-015I | E30: м | F30: 72 | G30: 120 | H30: =SUM(F30:G30) -> 192 | I30: =VLOOKUP($B30,ТМЦ!$B$3:$L$69,8,0) -> 0 | J30: =I30*H30 -> 0 | L30: =VLOOKUP($B30,ТМЦ!$B$3:$L$69,11,0) -> 0
B31: Труба тип 4 | D31: Труба электросварная 76х3,5 | E31: м | F31: =F30*0.1 -> 7.2 | G31: =G30*0.1 -> 12 | H31: =SUM(F31:G31) -> 19.2 | I31: =VLOOKUP($B31,ТМЦ!$B$3:$L$69,8,0) -> 0 | J31: =I31*H31 -> 0 | L31: =VLOOKUP($B31,ТМЦ!$B$3:$L$69,11,0) -> 0
B32: Прочие материалы (Кабель-канал 100х60, Наконечник кольцевой НКИ 5,5-6, Коробка распределительная 80х80х40, Коробка распределительная огнестойкая, Хомут трубный в комплекте, 1 1/2", 47-51 мм) | E32: % | H32: =J32/J16 -> #DIV/0! | J32: =SUM(J33:J39) -> 0
B33: Кабель-канал 100х60 | D33: CKK10-100-060-1-K01 | E33: м | F33: 20 | G33: 20 | H33: =SUM(F33:G33) -> 40 | I33: =VLOOKUP($B33,ТМЦ!$B$3:$L$69,8,0) -> 0 | J33: =I33*H33 -> 0 | L33: =VLOOKUP($B33,ТМЦ!$B$3:$L$69,11,0) -> 0
B34: Монтажная пена Технониколь 240 PROFESSIONAL, огнестойкая, TN528380 | E34: шт | F34: =ROUND((F30/3)*0.1,0) -> 2 | G34: =(G30/3)*0.1 -> 4 | H34: =SUM(F34:G34) -> 6 | I34: =VLOOKUP($B34,ТМЦ!$B$3:$L$69,8,0) -> 0 | J34: =I34*H34 -> 0 | L34: =VLOOKUP($B34,ТМЦ!$B$3:$L$69,11,0) -> 0
B35: Огнезащитный силиконовый герметик Огнетитан SN однокомпонентный, серый 310 мл ТУ 2513-004-03495485-2016 БП-00000536 | E35: шт | F35: =F34 -> 2 | G35: =G34 -> 4 | H35: =SUM(F35:G35) -> 6 | I35: =VLOOKUP($B35,ТМЦ!$B$3:$L$69,8,0) -> 0 | J35: =I35*H35 -> 0 | L35: =VLOOKUP($B35,ТМЦ!$B$3:$L$69,11,0) -> 0
B36: Коробка распределительная огнестойкая | D36: КМ-О (4к)-IP41 | E36: шт | F36: 12 | G36: 20 | H36: =SUM(F36:G36) -> 32 | I36: =VLOOKUP($B36,ТМЦ!$B$3:$L$69,8,0) -> 0 | J36: =I36*H36 -> 0 | L36: =VLOOKUP($B36,ТМЦ!$B$3:$L$69,11,0) -> 0
B37: Коробка распределительная 80х80х40 | C37: DKC | D37: 53700 | E37: шт | F37: 130 | G37: 155 | H37: =SUM(F37:G37) -> 285 | I37: =VLOOKUP($B37,ТМЦ!$B$3:$L$69,8,0) -> 0 | J37: =I37*H37 -> 0 | L37: =VLOOKUP($B37,ТМЦ!$B$3:$L$69,11,0) -> 0
B38: Коробка распределительная огнестойкая | D38: КМ-О (8к)-IP41 | E38: шт | F38: 40 | G38: 45 | H38: =SUM(F38:G38) -> 85 | I38: =VLOOKUP($B38,ТМЦ!$B$3:$L$69,8,0) -> 0 | J38: =I38*H38 -> 0 | L38: =VLOOKUP($B38,ТМЦ!$B$3:$L$69,11,0) -> 0
B39: Хомут трубный в комплекте, 1 1/2", 47-51 мм | D39: 47-51 мм | E39: шт | F39: =F30/3*2 -> 48 | G39: =G30/3*2 -> 80 | H39: =SUM(F39:G39) -> 128 | I39: =VLOOKUP($B39,ТМЦ!$B$3:$L$69,8,0) -> 0 | J39: =I39*H39 -> 0 | L39: =VLOOKUP($B39,ТМЦ!$B$3:$L$69,11,0) -> 0
A40: 11.10.02. | B40: Установка оборудования
A41: 11.10.02.00 | B41: Установка оборудования | J41: =J42+J45 -> 0
B42: Работа: | J42: =SUM(J43:J44) -> 0
B43: Монтажные работы секция 1 | E43: комплекс | F43: 1 | H43: =SUM(F43:G43) -> 1 | I43: =VLOOKUP(B43,СМР!$B$3:$H$9,7,0) -> 0 | J43: =I43*H43 -> 0
B44: Монтажные работы секция 2 | E44: комплекс | G44: 1 | H44: =SUM(F44:G44) -> 1 | I44: =VLOOKUP(B44,СМР!$B$3:$H$9,7,0) -> 0 | J44: =I44*H44 -> 0
B45: Материалы: | J45: =SUM(J46:J94) -> 0
B46: Прибор приемно-контрольный и управления охранно-пожарный адресный | D46: R3-Рубеж-2ОП | E46: шт | F46: 3 | G46: 5 | H46: =SUM(F46:G46) -> 8 | I46: =VLOOKUP($B46,ТМЦ!$B$3:$L$69,8,0) -> 0 | J46: =I46*H46 -> 0 | L46: =VLOOKUP($B46,ТМЦ!$B$3:$L$69,11,0) -> 0
B47: Прибор приемно-контрольный и управления охранно-пожарный адресный | D47: АМП-4-R3 | E47: шт | F47: 5 | G47: 3 | H47: =SUM(F47:G47) -> 8 | I47: =VLOOKUP($B47,ТМЦ!$B$3:$L$69,8,0) -> 0 | J47: =I47*H47 -> 0 | K47: Встроенные помещения | L47: =VLOOKUP($B47,ТМЦ!$B$3:$L$69,11,0) -> 0
B48: Блок индикации и управления | D48: R3-Рубеж-БИУ | E48: шт | F48: 1 | G48: 1 | H48: =SUM(F48:G48) -> 2 | I48: =VLOOKUP($B48,ТМЦ!$B$3:$L$69,8,0) -> 0 | J48: =I48*H48 -> 0 | L48: =VLOOKUP($B48,ТМЦ!$B$3:$L$69,11,0) -> 0
B49: Модуль связи | D49: R3-МС | E49: шт | F49: 1 | H49: =SUM(F49:G49) -> 1 | I49: =VLOOKUP($B49,ТМЦ!$B$3:$L$69,8,0) -> 0 | J49: =I49*H49 -> 0 | L49: =VLOOKUP($B49,ТМЦ!$B$3:$L$69,11,0) -> 0
B50: Модуль сопряжения | D50: R3-МС-E | E50: шт | F50: 1 | H50: =SUM(F50:G50) -> 1 | I50: =VLOOKUP($B50,ТМЦ!$B$3:$L$69,8,0) -> 0 | J50: =I50*H50 -> 0 | L50: =VLOOKUP($B50,ТМЦ!$B$3:$L$69,11,0) -> 0
B51: Настенный громкоговоритель | C51: Sonar | D51: SW-06-03 | E51: шт | F51: 35 | G51: 60 | H51: =SUM(F51:G51) -> 95 | I51: =VLOOKUP($B51,ТМЦ!$B$3:$L$69,8,0) -> 0 | J51: =I51*H51 -> 0 | L51: =VLOOKUP($B51,ТМЦ!$B$3:$L$69,11,0) -> 0
B52: Фильтр оконечный для трансляционной линии | C52: Sonar | D52: SFT-2300-M | E52: шт | F52: 3 | G52: 4 | H52: =SUM(F52:G52) -> 7 | I52: =VLOOKUP($B52,ТМЦ!$B$3:$L$69,8,0) -> 0 | J52: =I52*H52 -> 0 | L52: =VLOOKUP($B52,ТМЦ!$B$3:$L$69,11,0) -> 0
B53: Источник вторичного электропитания тип 1 | D53: ИВЭПР 12/3,5 RS-R3 исп. 2x12 БР | E53: шт | F53: 1 | G53: 1 | H53: =SUM(F53:G53) -> 2 | I53: =VLOOKUP($B53,ТМЦ!$B$3:$L$69,8,0) -> 0 | J53: =I53*H53 -> 0 | L53: =VLOOKUP($B53,ТМЦ!$B$3:$L$69,11,0) -> 0
B54: Источник вторичного электропитания тип 2 | D54: ИВЭПР 12/5 RS-R3 исп. 2x40 БР | E54: шт | F54: 1 | G54: 1 | H54: =SUM(F54:G54) -> 2 | I54: =VLOOKUP($B54,ТМЦ!$B$3:$L$69,8,0) -> 0 | J54: =I54*H54 -> 0 | L54: =VLOOKUP($B54,ТМЦ!$B$3:$L$69,11,0) -> 0
B55: Источник вторичного электропитания тип 3 | D55: ИВЭПР 12/2 RS-R3 исп. 2x7 БР | E55: шт | F55: 2 | G55: 3 | H55: =SUM(F55:G55) -> 5 | I55: =VLOOKUP($B55,ТМЦ!$B$3:$L$69,8,0) -> 0 | J55: =I55*H55 -> 0 | L55: =VLOOKUP($B55,ТМЦ!$B$3:$L$69,11,0) -> 0
B56: Источник вторичного электропитания тип 4 | D56: РИП-12 исп.20 (РИП-12-1/7М2-Р) | E56: шт | F56: 5 | G56: 3 | H56: =SUM(F56:G56) -> 8 | I56: =VLOOKUP($B56,ТМЦ!$B$3:$L$69,8,0) -> 0 | J56: =I56*H56 -> 0 | K56: Встроенные помещения | L56: =VLOOKUP($B56,ТМЦ!$B$3:$L$69,11,0) -> 0
B57: Прибор управления средствами оповещения пожарный | C57: Sonar | D57: "Sonar SPM-B20050-AW" | E57: шт | F57: 1 | G57: 1 | H57: =SUM(F57:G57) -> 2 | I57: =VLOOKUP($B57,ТМЦ!$B$3:$L$69,8,0) -> 0 | J57: =I57*H57 -> 0 | L57: =VLOOKUP($B57,ТМЦ!$B$3:$L$69,11,0) -> 0
B58: Бокс под 2 АКБ 12В 40Ач | C58: Sonar | D58: Sonar "SPM-Bох" | E58: шт | F58: 2 | G58: 2 | H58: =SUM(F58:G58) -> 4 | I58: =VLOOKUP($B58,ТМЦ!$B$3:$L$69,8,0) -> 0 | J58: =I58*H58 -> 0 | L58: =VLOOKUP($B58,ТМЦ!$B$3:$L$69,11,0) -> 0
B59: Кожух для моноблоков серии SPM настенного исполнения | C59: Sonar | D59: кожух | E59: шт | F59: 1 | G59: 1 | H59: =SUM(F59:G59) -> 2 | I59: =VLOOKUP($B59,ТМЦ!$B$3:$L$69,8,0) -> 0 | J59: =I59*H59 -> 0 | L59: =VLOOKUP($B59,ТМЦ!$B$3:$L$69,11,0) -> 0
B60: Извещатель тип 1 | D60: пожарный дымовой оптико-электронный адресно-аналоговый ИП 212-64-R3 IP40 (новый корпус) | E60: шт | F60: 411 | G60: 735 | H60: =SUM(F60:G60) -> 1146 | I60: =VLOOKUP($B60,ТМЦ!$B$3:$L$69,8,0) -> 0 | J60: =I60*H60 -> 0 | L60: =VLOOKUP($B60,ТМЦ!$B$3:$L$69,11,0) -> 0
B61: Извещатель тип 2 | D61: пожарный ручной адресный с встроенным изолятором короткого замыкания ИПР 513-11 ИКЗ-А-R3 | E61: шт | F61: 26 | G61: 42 | H61: =SUM(F61:G61) -> 68 | I61: =VLOOKUP($B61,ТМЦ!$B$3:$L$69,8,0) -> 0 | J61: =I61*H61 -> 0 | L61: =VLOOKUP($B61,ТМЦ!$B$3:$L$69,11,0) -> 0
B62: Извещатель тип 3 | D62: пожарный автономный ИП 212-50М2 | E62: шт | F62: 319 | G62: 586 | H62: =SUM(F62:G62) -> 905 | I62: =VLOOKUP($B62,ТМЦ!$B$3:$L$69,8,0) -> 0 | J62: =I62*H62 -> 0 | L62: =VLOOKUP($B62,ТМЦ!$B$3:$L$69,11,0) -> 0
B63: Извещатель тип 4 | D63: охранный точечный магнитоконтактный ИО 102-26 | E63: шт | F63: 22 | G63: 38 | H63: =SUM(F63:G63) -> 60 | I63: =VLOOKUP($B63,ТМЦ!$B$3:$L$69,8,0) -> 0 | J63: =I63*H63 -> 0 | L63: =VLOOKUP($B63,ТМЦ!$B$3:$L$69,11,0) -> 0
B64: Извещатель тип 5 | D64: пожарный дымовой оптико-электронный адресно- аналоговый IP40 (новый корпус) ИП 212-45 | E64: шт | F64: 33 | G64: 16 | H64: =SUM(F64:G64) -> 49 | I64: =VLOOKUP($B64,ТМЦ!$B$3:$L$69,8,0) -> 0 | J64: =I64*H64 -> 0 | K64: Встроенные помещения | L64: =VLOOKUP($B64,ТМЦ!$B$3:$L$69,11,0) -> 0
B65: Извещатель тип 6 | D65: пожарный ручной адресный с встроенным изолятором короткого замыкания ИПР 513-10 | E65: шт | F65: 6 | G65: 4 | H65: =SUM(F65:G65) -> 10 | I65: =VLOOKUP($B65,ТМЦ!$B$3:$L$69,8,0) -> 0 | J65: =I65*H65 -> 0 | K65: Встроенные помещения | L65: =VLOOKUP($B65,ТМЦ!$B$3:$L$69,11,0) -> 0
B66: Устройство дистанционного пуска тип 1 | D66: УДП 513-11ИКЗ-R3 «Пуск дымоудаления» с встроенным изолятором короткого замыкания | E66: шт | F66: 26 | G66: 42 | H66: =SUM(F66:G66) -> 68 | I66: =VLOOKUP($B66,ТМЦ!$B$3:$L$69,8,0) -> 0 | J66: =I66*H66 -> 0 | L66: =VLOOKUP($B66,ТМЦ!$B$3:$L$69,11,0) -> 0
B67: Устройство дистанционного пуска тип 2 | D67: УДП 513-11ИКЗ-R3 «ЗАПУСК ПОЖАРНЫХ НАСОСОВ» с встроенным изолятором короткого замыкания | E67: шт | F67: 46 | G67: 40 | H67: =SUM(F67:G67) -> 86 | I67: =VLOOKUP($B67,ТМЦ!$B$3:$L$69,8,0) -> 0 | J67: =I67*H67 -> 0 | L67: =VLOOKUP($B67,ТМЦ!$B$3:$L$69,11,0) -> 0
B68: Устройство дистанционного пуска тип 3 | D68: УДП 513-10 «ЗАПУСК ПОЖАРНЫХ НАСОСОВ» с встроенным изолятором короткого замыкания | E68: шт | F68: 5 | G68: 3 | H68: =SUM(F68:G68) -> 8 | I68: =VLOOKUP($B68,ТМЦ!$B$3:$L$69,8,0) -> 0 | J68: =I68*H68 -> 0 | K68: Встроенные помещения | L68: =VLOOKUP($B68,ТМЦ!$B$3:$L$69,11,0) -> 0
B69: Оповещатель тип 1 | D69: Оповещатель световой “ВЫХОД” ОПОП 1-8 12В | E69: шт | F69: 28 | G69: 44 | H69: =SUM(F69:G69) -> 72 | I69: =VLOOKUP($B69,ТМЦ!$B$3:$L$69,8,0) -> 0 | J69: =I69*H69 -> 0 | K69: Встроенные помещения (6+4 шт) | L69: =VLOOKUP($B69,ТМЦ!$B$3:$L$69,11,0) -> 0
B70: Оповещатель тип 2 | D70: Оповещатель звуковой ОПОП 2-35 12В | E70: шт | F70: 7 | G70: 4 | H70: =SUM(F70:G70) -> 11 | I70: =VLOOKUP($B70,ТМЦ!$B$3:$L$69,8,0) -> 0 | J70: =I70*H70 -> 0 | K70: Встроенные помещения | L70: =VLOOKUP($B70,ТМЦ!$B$3:$L$69,11,0) -> 0
B71: Оповещатель тип 3 | D71: охранно-пожарный световой «Насосная станция пожаротушения» (световое табло (на защелках) (красный фон)) Молния-12 | E71: шт | G71: 1 | H71: =SUM(F71:G71) -> 1 | I71: =VLOOKUP($B71,ТМЦ!$B$3:$L$69,8,0) -> 0 | J71: =I71*H71 -> 0 | L71: =VLOOKUP($B71,ТМЦ!$B$3:$L$69,11,0) -> 0
B72: Оповещатель тип 4 | D72: охранно-пожарный световой "Подключение пожарной техники" КОП25 П IP54 | E72: шт | G72: 1 | H72: =SUM(F72:G72) -> 1 | I72: =VLOOKUP($B72,ТМЦ!$B$3:$L$69,8,0) -> 0 | J72: =I72*H72 -> 0 | L72: =VLOOKUP($B72,ТМЦ!$B$3:$L$69,11,0) -> 0
B73: Оповещатель тип 5 | D73: световой "ВЫХОД" Молния-12 ULTRA универсальное крепление | E73: шт | F73: 4 | G73: 4 | H73: =SUM(F73:G73) -> 8 | I73: =VLOOKUP($B73,ТМЦ!$B$3:$L$69,8,0) -> 0 | J73: =I73*H73 -> 0 | L73: =VLOOKUP($B73,ТМЦ!$B$3:$L$69,11,0) -> 0
B74: Адресная метка | D74: АМ-1-R3 | E74: шт | F74: 11 | G74: 19 | H74: =SUM(F74:G74) -> 30 | I74: =VLOOKUP($B74,ТМЦ!$B$3:$L$69,8,0) -> 0 | J74: =I74*H74 -> 0 | L74: =VLOOKUP($B74,ТМЦ!$B$3:$L$69,11,0) -> 0
B75: Адресная метка | D75: АМ-4-R3 | E75: шт | F75: 2 | G75: 12 | H75: =SUM(F75:G75) -> 14 | I75: =VLOOKUP($B75,ТМЦ!$B$3:$L$69,8,0) -> 0 | J75: =I75*H75 -> 0 | L75: =VLOOKUP($B75,ТМЦ!$B$3:$L$69,11,0) -> 0
B76: Релейный модуль адресный тип 1 | D76: РМ-4-R3 | E76: шт | F76: 4 | G76: 6 | H76: =SUM(F76:G76) -> 10 | I76: =VLOOKUP($B76,ТМЦ!$B$3:$L$69,8,0) -> 0 | J76: =I76*H76 -> 0 | L76: =VLOOKUP($B76,ТМЦ!$B$3:$L$69,11,0) -> 0
B77: Релейный модуль адресный тип 2 | D77: с контролем целостности цепи РМ-4К-R3 | E77: шт | F77: 6 | G77: 10 | H77: =SUM(F77:G77) -> 16 | I77: =VLOOKUP($B77,ТМЦ!$B$3:$L$69,8,0) -> 0 | J77: =I77*H77 -> 0 | L77: =VLOOKUP($B77,ТМЦ!$B$3:$L$69,11,0) -> 0
B78: Модуль управления клапаном дымоудаления и огнезащиты | D78: МДУ-1С-R3 | E78: шт | F78: 43 | G78: 71 | H78: =SUM(F78:G78) -> 114 | I78: =VLOOKUP($B78,ТМЦ!$B$3:$L$69,8,0) -> 0 | J78: =I78*H78 -> 0 | L78: =VLOOKUP($B78,ТМЦ!$B$3:$L$69,11,0) -> 0
B79: Изолятор шлейфа | D79: ИЗ-1-R3 | E79: шт | F79: 132 | G79: 208 | H79: =SUM(F79:G79) -> 340 | I79: =VLOOKUP($B79,ТМЦ!$B$3:$L$69,8,0) -> 0 | J79: =I79*H79 -> 0 | K79: Встроенные помещения (10+6 шт) | L79: =VLOOKUP($B79,ТМЦ!$B$3:$L$69,11,0) -> 0
B80: Шкаф управления тип 1 | D80: ШУН/В-3,0-03-R3 | E80: шт | F80: 0 | H80: =SUM(F80:G80) -> 0 | I80: =VLOOKUP($B80,ТМЦ!$B$3:$L$69,8,0) -> 0 | J80: =I80*H80 -> 0 | L80: =VLOOKUP($B80,ТМЦ!$B$3:$L$69,11,0) -> 0
B81: Шкаф управления тип 2 | D81: ШУН/В-5,5-03-R3 | E81: шт | F81: 3 | G81: 2 | H81: =SUM(F81:G81) -> 5 | I81: =VLOOKUP($B81,ТМЦ!$B$3:$L$69,8,0) -> 0 | J81: =I81*H81 -> 0 | L81: =VLOOKUP($B81,ТМЦ!$B$3:$L$69,11,0) -> 0
B82: Шкаф управления тип 3 | D82: ШУН/В-7,5-03-R3 | E82: шт | F82: 2 | G82: 3 | H82: =SUM(F82:G82) -> 5 | I82: =VLOOKUP($B82,ТМЦ!$B$3:$L$69,8,0) -> 0 | J82: =I82*H82 -> 0 | L82: =VLOOKUP($B82,ТМЦ!$B$3:$L$69,11,0) -> 0
B83: Шкаф управления тип 4 | D83: ШУЗ-3-0,75-00-R3 | E83: шт | G83: 1 | H83: =SUM(F83:G83) -> 1 | I83: =VLOOKUP($B83,ТМЦ!$B$3:$L$69,8,0) -> 0 | J83: =I83*H83 -> 0 | L83: =VLOOKUP($B83,ТМЦ!$B$3:$L$69,11,0) -> 0
B84: Шкаф управления тип 5 | D84: ШУН/В-11,0-03-R3 | E84: шт | G84: 1 | H84: =SUM(F84:G84) -> 1 | I84: =VLOOKUP($B84,ТМЦ!$B$3:$L$69,8,0) -> 0 | J84: =I84*H84 -> 0 | L84: =VLOOKUP($B84,ТМЦ!$B$3:$L$69,11,0) -> 0
B85: Аккумулятор тип 1 | D85: 7 Ач | E85: шт | F85: 9 | G85: 9 | H85: =SUM(F85:G85) -> 18 | I85: =VLOOKUP($B85,ТМЦ!$B$3:$L$69,8,0) -> 0 | J85: =I85*H85 -> 0 | K85: Встроенные помещения (5+3 шт) | L85: =VLOOKUP($B85,ТМЦ!$B$3:$L$69,11,0) -> 0
B86: Аккумулятор тип 2 | D86: 12 Ач | E86: шт | F86: 2 | G86: 2 | H86: =SUM(F86:G86) -> 4 | I86: =VLOOKUP($B86,ТМЦ!$B$3:$L$69,8,0) -> 0 | J86: =I86*H86 -> 0 | L86: =VLOOKUP($B86,ТМЦ!$B$3:$L$69,11,0) -> 0
B87: Аккумулятор тип 3 | D87: 40 Ач | E87: шт | F87: 6 | G87: 6 | H87: =SUM(F87:G87) -> 12 | I87: =VLOOKUP($B87,ТМЦ!$B$3:$L$69,8,0) -> 0 | J87: =I87*H87 -> 0 | L87: =VLOOKUP($B87,ТМЦ!$B$3:$L$69,11,0) -> 0
B88: Щит металлический тип 1 | C88: IEK | D88: ЩМП-5-0 1000х650х285мм У2 IP54 RAL 3020 | E88: шт | F88: 1 | G88: 1 | H88: =SUM(F88:G88) -> 2 | I88: =VLOOKUP($B88,ТМЦ!$B$3:$L$69,8,0) -> 0 | J88: =I88*H88 -> 0 | L88: =VLOOKUP($B88,ТМЦ!$B$3:$L$69,11,0) -> 0
B89: Щит металлический тип 2 | C89: IEK | D89: ЩМП-3-0 650х220х500мм У2 IP54 RAL 3020 | E89: шт | G89: 1 | H89: =SUM(F89:G89) -> 1 | I89: =VLOOKUP($B89,ТМЦ!$B$3:$L$69,8,0) -> 0 | J89: =I89*H89 -> 0 | L89: =VLOOKUP($B89,ТМЦ!$B$3:$L$69,11,0) -> 0
B90: Знак пожарной безопасности тип 1 | D90: на пластиковой основе 100*100 «Кнопка включения пожарной автоматики» (извещатель пожарный ручной) F10 | E90: шт | F90: =F65+F61 -> 32 | G90: =G65+G61 -> 46 | H90: =SUM(F90:G90) -> 78 | I90: =VLOOKUP($B90,ТМЦ!$B$3:$L$69,8,0) -> 0 | J90: =I90*H90 -> 0 | K90: Встроенные помещения | L90: =VLOOKUP($B90,ТМЦ!$B$3:$L$69,11,0) -> 0
B91: Знак пожарной безопасности тип 2 | D91: на пластиковой основе 100*100 «Звуковой оповещатель пожарной тревоги» F11 | E91: шт | F91: =F70+F51 -> 42 | G91: =G70+G51 -> 64 | H91: =SUM(F91:G91) -> 106 | I91: =VLOOKUP($B91,ТМЦ!$B$3:$L$69,8,0) -> 0 | J91: =I91*H91 -> 0 | K91: Встроенные помещения | L91: =VLOOKUP($B91,ТМЦ!$B$3:$L$69,11,0) -> 0
B92: Знак пожарной безопасности тип 3 | D92: пленка ПВХ 100*100 «Кнопка включения пожарной автоматики» (извещатель пожарный ручной) F10 | E92: шт | F92: =F68+F67 -> 51 | G92: =G68+G67 -> 43 | H92: =SUM(F92:G92) -> 94 | I92: =VLOOKUP($B92,ТМЦ!$B$3:$L$69,8,0) -> 0 | J92: =I92*H92 -> 0 | K92: Встроенные помещения | L92: =VLOOKUP($B92,ТМЦ!$B$3:$L$69,11,0) -> 0
B93: Бесконтактный считыватель идентификаторов смарт-карт | D93: STR-RM-B01 | E93: шт | F93: 5 | G93: 3 | H93: =SUM(F93:G93) -> 8 | I93: =VLOOKUP($B93,ТМЦ!$B$3:$L$69,8,0) -> 0 | J93: =I93*H93 -> 0 | K93: Встроенные помещения | L93: =VLOOKUP($B93,ТМЦ!$B$3:$L$69,11,0) -> 0
B94: Карта Mifare | E94: шт | F94: 5 | G94: 3 | H94: =SUM(F94:G94) -> 8 | I94: =VLOOKUP($B94,ТМЦ!$B$3:$L$69,8,0) -> 0 | J94: =I94*H94 -> 0 | K94: Встроенные помещения | L94: =VLOOKUP($B94,ТМЦ!$B$3:$L$69,11,0) -> 0
A95: 11.10.03. | B95: ПНР
A96: 11.10.03.00 | B96: ПНР | J96: =J97+J100 -> 0
B97: Работа: | J97: =SUM(J98:J99) -> 0
B98: Пусконаладочные работы секция 1 | E98: комплекс | F98: 1 | H98: =SUM(F98:G98) -> 1 | I98: =VLOOKUP(B98,СМР!$B$3:$H$9,7,0) -> 0 | J98: =I98*H98 -> 0
B99: Пусконаладочные работы секция 2 | E99: комплекс | G99: 1 | H99: =SUM(F99:G99) -> 1 | I99: =VLOOKUP(B99,СМР!$B$3:$H$9,7,0) -> 0 | J99: =I99*H99 -> 0
B100: Материалы: | J100: =SUM(J101:J101) -> 0
B101: - | J101: =I101*H101 -> 0
B102: Итого по ЛСР, в т.ч. НДС: | J102: =J96+J41+J15 -> 0
B103: в тч стоимость работ: | J103: =SUMIF($B$12:$B$101,"Работа:",J$12:J$101) -> 0
...

Sheet СМР
A1: Ведомость объемов работ
A2: № п/п | B2: Наименование | C2: Характеристика | D2: Ед. изм. | E2: ГП-214.1 | F2: ГП-214.2 | G2: Кол-во | H2: Цена | I2: Сумма | J2: Примечание
A3: =ROW()-2 -> 1 | B3: Прокладка КПП | D3: м | E3: =SUMIF(ЛСР!$B$12:$B$101,СМР!$B3,ЛСР!F$12:F$101) -> 7920 | F3: =SUMIF(ЛСР!$B$12:$B$101,СМР!$B3,ЛСР!G$12:G$101) -> 13370 | G3: =SUMIF(ЛСР!$B$12:$B$101,СМР!$B3,ЛСР!H$12:H$101) -> 21290 | I3: =H3*G3 -> 0
A4: =ROW()-2 -> 2 | B4: Прокладка металлорукава | D4: м | E4: =SUMIF(ЛСР!$B$12:$B$101,СМР!$B4,ЛСР!F$12:F$101) -> 700 | F4: =SUMIF(ЛСР!$B$12:$B$101,СМР!$B4,ЛСР!G$12:G$101) -> 650 | G4: =SUMIF(ЛСР!$B$12:$B$101,СМР!$B4,ЛСР!H$12:H$101) -> 1350 | I4: =H4*G4 -> 0
A5: =ROW()-2 -> 3 | B5: Прокладка трубы | D5: м | E5: =SUMIF(ЛСР!$B$12:$B$101,СМР!$B5,ЛСР!F$12:F$101) -> 3879.2 | F5: =SUMIF(ЛСР!$B$12:$B$101,СМР!$B5,ЛСР!G$12:G$101) -> 6582 | G5: =SUMIF(ЛСР!$B$12:$B$101,СМР!$B5,ЛСР!H$12:H$101) -> 10461.2 | I5: =H5*G5 -> 0
A6: =ROW()-2 -> 4 | B6: Монтажные работы секция 1 | D6: комплекс | E6: =SUMIF(ЛСР!$B$12:$B$101,СМР!$B6,ЛСР!F$12:F$101) -> 1 | F6: =SUMIF(ЛСР!$B$12:$B$101,СМР!$B6,ЛСР!G$12:G$101) -> 0 | G6: =SUMIF(ЛСР!$B$12:$B$101,СМР!$B6,ЛСР!H$12:H$101) -> 1 | I6: =H6*G6 -> 0
A7: =ROW()-2 -> 5 | B7: Монтажные работы секция 2 | D7: комплекс | E7: =SUMIF(ЛСР!$B$12:$B$101,СМР!$B7,ЛСР!F$12:F$101) -> 0 | F7: =SUMIF(ЛСР!$B$12:$B$101,СМР!$B7,ЛСР!G$12:G$101) -> 1 | G7: =SUMIF(ЛСР!$B$12:$B$101,СМР!$B7,ЛСР!H$12:H$101) -> 1 | I7: =H7*G7 -> 0
A8: =ROW()-2 -> 6 | B8: Пусконаладочные работы секция 1 | D8: комплекс | E8: =SUMIF(ЛСР!$B$12:$B$101,СМР!$B8,ЛСР!F$12:F$101) -> 1 | F8: =SUMIF(ЛСР!$B$12:$B$101,СМР!$B8,ЛСР!G$12:G$101) -> 0 | G8: =SUMIF(ЛСР!$B$12:$B$101,СМР!$B8,ЛСР!H$12:H$101) -> 1 | I8: =H8*G8 -> 0
A9: =ROW()-2 -> 7 | B9: Пусконаладочные работы секция 2 | D9: комплекс | E9: =SUMIF(ЛСР!$B$12:$B$101,СМР!$B9,ЛСР!F$12:F$101) -> 0 | F9: =SUMIF(ЛСР!$B$12:$B$101,СМР!$B9,ЛСР!G$12:G$101) -> 1 | G9: =SUMIF(ЛСР!$B$12:$B$101,СМР!$B9,ЛСР!H$12:H$101) -> 1 | I9: =H9*G9 -> 0
H10: ИТОГО: | I10: =SUM(I3:I9) -> 0
H11: проверка: | I11: =I10-ЛСР!J103 -> 0
B13: Примечание:
A14: - | B14: В случае, если один из перечисленных прочих материалов не был использован по факту при производстве работ, заказчик вправе откорректировать процент расходных материалов в актах выполненных работ (формы КС-2, КС-3), уменьшив на сумму исключенного материала.
A15: - | B15: Стоимость СМР учитывает - затраты на все второстепенные материалы и работы необходимые для осуществления полного комплекса работ, включая затраты: обеспечение технической водой для производства работ и бытовых целей; на мобилизацию, аренду и эксплуатацию всех необходимых механизмов, оборудования и инструментов, бытовых помещений и биотуалетов; на подъем материалов и разноску по этажам к местам производства работ; выполнение сопутствующих работ; вывоз мусора; накладные расходы, прибыль организации, налоги и иные издержки Подрядчика. Обеспечение безопасного производства работ на участке.
A16: - | B16: Стоимость материалов учитывает стоимость доставки.

Sheet ТМЦ
A1: Спецификация материалов
A2: № п/п | B2: Наименование | C2: Марка | D2: Характеристика | E2: Ед. изм. | F2: ГП-214.1 | G2: ГП-214.2 | H2: Кол-во | I2: Цена | J2: Сумма | K2: Примечание | L2: Форма закупа материала
A3: =ROW()-2 -> 1 | B3: Кабель тип 1 | C3: КПСнг(А)-FRLS | D3: симметричной парной скрутки, сеч. 1х2х0,5 мм2 | E3: м | F3: =SUMIF(ЛСР!$B$12:$B$101,$B3,ЛСР!F$12:F$101) -> 4950 | G3: =SUMIF(ЛСР!$B$12:$B$101,$B3,ЛСР!G$12:G$101) -> 8600 | H3: =SUMIF(ЛСР!$B$12:$B$101,$B3,ЛСР!H$12:H$101) -> 13550 | J3: =I3*H3 -> 0 | K3: =VLOOKUP(B3,ЛСР!$B$12:$K$101,10,0) -> 0
A4: =ROW()-2 -> 2 | B4: Кабель тип 2 | C4: КПСнг(А)-FRLS | D4: симметричной парной скрутки, сеч. 1х2х1,5 мм2 | E4: м | F4: =SUMIF(ЛСР!$B$12:$B$101,$B4,ЛСР!F$12:F$101) -> 1700 | G4: =SUMIF(ЛСР!$B$12:$B$101,$B4,ЛСР!G$12:G$101) -> 3100 | H4: =SUMIF(ЛСР!$B$12:$B$101,$B4,ЛСР!H$12:H$101) -> 4800 | J4: =I4*H4 -> 0 | K4: =VLOOKUP(B4,ЛСР!$B$12:$K$101,10,0) -> 0
A5: =ROW()-2 -> 3 | B5: Кабель тип 3 | C5: КПСнг(А)-FRLS | D5: симметричной парной скрутки, сеч. 2х2х0,2 мм2 | E5: м | F5: =SUMIF(ЛСР!$B$12:$B$101,$B5,ЛСР!F$12:F$101) -> 200 | G5: =SUMIF(ЛСР!$B$12:$B$101,$B5,ЛСР!G$12:G$101) -> 230 | H5: =SUMIF(ЛСР!$B$12:$B$101,$B5,ЛСР!H$12:H$101) -> 430 | J5: =I5*H5 -> 0 | K5: =VLOOKUP(B5,ЛСР!$B$12:$K$101,10,0) -> 0
A6: =ROW()-2 -> 4 | B6: Кабель тип 4 | C6: ВВГнг(А)-FRLS | D6: Кабель огнестойкий силовой, сеч. 5x1,5 мм2 | E6: м | F6: =SUMIF(ЛСР!$B$12:$B$101,$B6,ЛСР!F$12:F$101) -> 80 | G6: =SUMIF(ЛСР!$B$12:$B$101,$B6,ЛСР!G$12:G$101) -> 80 | H6: =SUMIF(ЛСР!$B$12:$B$101,$B6,ЛСР!H$12:H$101) -> 160 | J6: =I6*H6 -> 0 | K6: =VLOOKUP(B6,ЛСР!$B$12:$K$101,10,0) -> 0
A7: =ROW()-2 -> 5 | B7: Кабель тип 5 | C7: ВВГнг(А)-FRLS | D7: огнестойкий силовой, сеч. 3x1,5 мм2 | E7: м | F7: =SUMIF(ЛСР!$B$12:$B$101,$B7,ЛСР!F$12:F$101) -> 400 | G7: =SUMIF(ЛСР!$B$12:$B$101,$B7,ЛСР!G$12:G$101) -> 550 | H7: =SUMIF(ЛСР!$B$12:$B$101,$B7,ЛСР!H$12:H$101) -> 950 | J7: =I7*H7 -> 0 | K7: =VLOOKUP(B7,ЛСР!$B$12:$K$101,10,0) -> 0
A8: =ROW()-2 -> 6 | B8: Кабель тип 6 | C8: КПСнг(А)-FRLS | D8: симметричной парной скрутки, сеч. 2х2х0,5 мм2 | E8: м | F8: =SUMIF(ЛСР!$B$12:$B$101,$B8,ЛСР!F$12:F$101) -> 590 | G8: =SUMIF(ЛСР!$B$12:$B$101,$B8,ЛСР!G$12:G$101) -> 810 | H8: =SUMIF(ЛСР!$B$12:$B$101,$B8,ЛСР!H$12:H$101) -> 1400 | J8: =I8*H8 -> 0 | K8: =VLOOKUP(B8,ЛСР!$B$12:$K$101,10,0) -> 0
A9: =ROW()-2 -> 7 | B9: Металлорукав | D9: в ПВХ изоляции МРПИ НГ д20 морозостойкий черный, УХЛ1 | E9: м | F9: =SUMIF(ЛСР!$B$12:$B$101,$B9,ЛСР!F$12:F$101) -> 700 | G9: =SUMIF(ЛСР!$B$12:$B$101,$B9,ЛСР!G$12:G$101) -> 650 | H9: =SUMIF(ЛСР!$B$12:$B$101,$B9,ЛСР!H$12:H$101) -> 1350 | J9: =I9*H9 -> 0 | K9: =VLOOKUP(B9,ЛСР!$B$12:$K$101,10,0) -> 0
A10: =ROW()-2 -> 8 | B10: Труба тип 1 | D10: гофрированная самозатухающая ТГТ СЗ Ø 16 мм с зондом | E10: м | F10: =SUMIF(ЛСР!$B$12:$B$101,$B10,ЛСР!F$12:F$101) -> 3500 | G10: =SUMIF(ЛСР!$B$12:$B$101,$B10,ЛСР!G$12:G$101) -> 6000 | H10: =SUMIF(ЛСР!$B$12:$B$101,$B10,ЛСР!H$12:H$101) -> 9500 | J10: =I10*H10 -> 0 | K10: =VLOOKUP(B10,ЛСР!$B$12:$K$101,10,0) -> 0
A11: =ROW()-2 -> 9 | B11: Труба тип 2 | D11: гофрированная самозатухающая ТГТ СЗ Ø 25 мм с зондом | E11: м | F11: =SUMIF(ЛСР!$B$12:$B$101,$B11,ЛСР!F$12:F$101) -> 300 | G11: =SUMIF(ЛСР!$B$12:$B$101,$B11,ЛСР!G$12:G$101) -> 450 | H11: =SUMIF(ЛСР!$B$12:$B$101,$B11,ЛСР!H$12:H$101) -> 750 | J11: =I11*H11 -> 0 | K11: =VLOOKUP(B11,ЛСР!$B$12:$K$101,10,0) -> 0
A12: =ROW()-2 -> 10 | B12: Труба тип 3 | D12: жесткая ПВХ д50 CTR10-063-K41-015I | E12: м | F12: =SUMIF(ЛСР!$B$12:$B$101,$B12,ЛСР!F$12:F$101) -> 72 | G12: =SUMIF(ЛСР!$B$12:$B$101,$B12,ЛСР!G$12:G$101) -> 120 | H12: =SUMIF(ЛСР!$B$12:$B$101,$B12,ЛСР!H$12:H$101) -> 192 | J12: =I12*H12 -> 0 | K12: =VLOOKUP(B12,ЛСР!$B$12:$K$101,10,0) -> 0
A13: =ROW()-2 -> 11 | B13: Труба тип 4 | D13: Труба электросварная 76х3,5 | E13: м | F13: =SUMIF(ЛСР!$B$12:$B$101,$B13,ЛСР!F$12:F$101) -> 7.2 | G13: =SUMIF(ЛСР!$B$12:$B$101,$B13,ЛСР!G$12:G$101) -> 12 | H13: =SUMIF(ЛСР!$B$12:$B$101,$B13,ЛСР!H$12:H$101) -> 19.2 | J13: =I13*H13 -> 0 | K13: =VLOOKUP(B13,ЛСР!$B$12:$K$101,10,0) -> 0
A14: =ROW()-2 -> 12 | B14: Кабель-канал 100х60 | D14: CKK10-100-060-1-K01 | E14: м | F14: =SUMIF(ЛСР!$B$12:$B$101,$B14,ЛСР!F$12:F$101) -> 20 | G14: =SUMIF(ЛСР!$B$12:$B$101,$B14,ЛСР!G$12:G$101) -> 20 | H14: =SUMIF(ЛСР!$B$12:$B$101,$B14,ЛСР!H$12:H$101) -> 40 | J14: =I14*H14 -> 0 | K14: =VLOOKUP(B14,ЛСР!$B$12:$K$101,10,0) -> 0
A15: =ROW()-2 -> 13 | B15: Монтажная пена Технониколь 240 PROFESSIONAL, огнестойкая, TN528380 | E15: шт | F15: =SUMIF(ЛСР!$B$12:$B$101,$B15,ЛСР!F$12:F$101) -> 2 | G15: =SUMIF(ЛСР!$B$12:$B$101,$B15,ЛСР!G$12:G$101) -> 4 | H15: =SUMIF(ЛСР!$B$12:$B$101,$B15,ЛСР!H$12:H$101) -> 6 | J15: =I15*H15 -> 0 | K15: =VLOOKUP(B15,ЛСР!$B$12:$K$101,10,0) -> 0
A16: =ROW()-2 -> 14 | B16: Огнезащитный силиконовый герметик Огнетитан SN однокомпонентный, серый 310 мл ТУ 2513-004-03495485-2016 БП-00000536 | E16: шт | F16: =SUMIF(ЛСР!$B$12:$B$101,$B16,ЛСР!F$12:F$101) -> 2 | G16: =SUMIF(ЛСР!$B$12:$B$101,$B16,ЛСР!G$12:G$101) -> 4 | H16: =SUMIF(ЛСР!$B$12:$B$101,$B16,ЛСР!H$12:H$101) -> 6 | J16: =I16*H16 -> 0 | K16: =VLOOKUP(B16,ЛСР!$B$12:$K$101,10,0) -> 0
A17: =ROW()-2 -> 15 | B17: Коробка распределительная огнестойкая | D17: КМ-О (4к)-IP41 | E17: шт | F17: =SUMIF(ЛСР!$B$12:$B$101,$B17,ЛСР!F$12:F$101) -> 12 | G17: =SUMIF(ЛСР!$B$12:$B$101,$B17,ЛСР!G$12:G$101) -> 20 | H17: =SUMIF(ЛСР!$B$12:$B$101,$B17,ЛСР!H$12:H$101) -> 32 | J17: =I17*H17 -> 0 | K17: =VLOOKUP(B17,ЛСР!$B$12:$K$101,10,0) -> 0
A18: =ROW()-2 -> 16 | B18: Коробка распределительная 80х80х40 | C18: DKC | D18: 53700 | E18: шт | F18: =SUMIF(ЛСР!$B$12:$B$101,$B18,ЛСР!F$12:F$101) -> 130 | G18: =SUMIF(ЛСР!$B$12:$B$101,$B18,ЛСР!G$12:G$101) -> 155 | H18: =SUMIF(ЛСР!$B$12:$B$101,$B18,ЛСР!H$12:H$101) -> 285 | J18: =I18*H18 -> 0 | K18: =VLOOKUP(B18,ЛСР!$B$12:$K$101,10,0) -> 0
A19: =ROW()-2 -> 17 | B19: Коробка распределительная огнестойкая | D19: КМ-О (8к)-IP41 | E19: шт | F19: =SUMIF(ЛСР!$B$12:$B$101,$B19,ЛСР!F$12:F$101) -> 40 | G19: =SUMIF(ЛСР!$B$12:$B$101,$B19,ЛСР!G$12:G$101) -> 45 | H19: =SUMIF(ЛСР!$B$12:$B$101,$B19,ЛСР!H$12:H$101) -> 85 | J19: =I19*H19 -> 0 | K19: =VLOOKUP(B19,ЛСР!$B$12:$K$101,10,0) -> 0
A20: =ROW()-2 -> 18 | B20: Хомут трубный в комплекте, 1 1/2", 47-51 мм | D20: 47-51 мм | E20: шт | F20: =SUMIF(ЛСР!$B$12:$B$101,$B20,ЛСР!F$12:F$101) -> 48 | G20: =SUMIF(ЛСР!$B$12:$B$101,$B20,ЛСР!G$12:G$101) -> 80 | H20: =SUMIF(ЛСР!$B$12:$B$101,$B20,ЛСР!H$12:H$101) -> 128 | J20: =I20*H20 -> 0 | K20: =VLOOKUP(B20,ЛСР!$B$12:$K$101,10,0) -> 0
A21: =ROW()-2 -> 19 | B21: Прибор приемно-контрольный и управления охранно-пожарный адресный | D21: R3-Рубеж-2ОП | E21: шт | F21: =SUMIF(ЛСР!$B$12:$B$101,$B21,ЛСР!F$12:F$101) -> 3 | G21: =SUMIF(ЛСР!$B$12:$B$101,$B21,ЛСР!G$12:G$101) -> 5 | H21: =SUMIF(ЛСР!$B$12:$B$101,$B21,ЛСР!H$12:H$101) -> 8 | J21: =I21*H21 -> 0 | K21: =VLOOKUP(B21,ЛСР!$B$12:$K$101,10,0) -> 0
A22: =ROW()-2 -> 20 | B22: Прибор приемно-контрольный и управления охранно-пожарный адресный | D22: АМП-4-R3 | E22: шт | F22: =SUMIF(ЛСР!$B$12:$B$101,$B22,ЛСР!F$12:F$101) -> 5 | G22: =SUMIF(ЛСР!$B$12:$B$101,$B22,ЛСР!G$12:G$101) -> 3 | H22: =SUMIF(ЛСР!$B$12:$B$101,$B22,ЛСР!H$12:H$101) -> 8 | J22: =I22*H22 -> 0 | K22: =VLOOKUP(B22,ЛСР!$B$12:$K$101,10,0) -> Встроенные помещения
A23: =ROW()-2 -> 21 | B23: Блок индикации и управления | D23: R3-Рубеж-БИУ | E23: шт | F23: =SUMIF(ЛСР!$B$12:$B$101,$B23,ЛСР!F$12:F$101) -> 1 | G23: =SUMIF(ЛСР!$B$12:$B$101,$B23,ЛСР!G$12:G$101) -> 1 | H23: =SUMIF(ЛСР!$B$12:$B$101,$B23,ЛСР!H$12:H$101) -> 2 | J23: =I23*H23 -> 0 | K23: =VLOOKUP(B23,ЛСР!$B$12:$K$101,10,0) -> 0
A24: =ROW()-2 -> 22 | B24: Модуль связи | D24: R3-МС | E24: шт | F24: =SUMIF(ЛСР!$B$12:$B$101,$B24,ЛСР!F$12:F$101) -> 1 | G24: =SUMIF(ЛСР!$B$12:$B$101,$B24,ЛСР!G$12:G$101) -> 0 | H24: =SUMIF(ЛСР!$B$12:$B$101,$B24,ЛСР!H$12:H$101) -> 1 | J24: =I24*H24 -> 0 | K24: =VLOOKUP(B24,ЛСР!$B$12:$K$101,10,0) -> 0
A25: =ROW()-2 -> 23 | B25: Модуль сопряжения | D25: R3-МС-E | E25: шт | F25: =SUMIF(ЛСР!$B$12:$B$101,$B25,ЛСР!F$12:F$101) -> 1 | G25: =SUMIF(ЛСР!$B$12:$B$101,$B25,ЛСР!G$12:G$101) -> 0 | H25: =SUMIF(ЛСР!$B$12:$B$101,$B25,ЛСР!H$12:H$101) -> 1 | J25: =I25*H25 -> 0 | K25: =VLOOKUP(B25,ЛСР!$B$12:$K$101,10,0) -> 0
A26: =ROW()-2 -> 24 | B26: Настенный громкоговоритель | C26: Sonar | D26: SW-06-03 | E26: шт | F26: =SUMIF(ЛСР!$B$12:$B$101,$B26,ЛСР!F$12:F$101) -> 35 | G26: =SUMIF(ЛСР!$B$12:$B$101,$B26,ЛСР!G$12:G$101) -> 60 | H26: =SUMIF(ЛСР!$B$12:$B$101,$B26,ЛСР!H$12:H$101) -> 95 | J26: =I26*H26 -> 0 | K26: =VLOOKUP(B26,ЛСР!$B$12:$K$101,10,0) -> 0
A27: =ROW()-2 -> 25 | B27: Фильтр оконечный для трансляционной линии | C27: Sonar | D27: SFT-2300-M | E27: шт | F27: =SUMIF(ЛСР!$B$12:$B$101,$B27,ЛСР!F$12:F$101) -> 3 | G27: =SUMIF(ЛСР!$B$12:$B$101,$B27,ЛСР!G$12:G$101) -> 4 | H27: =SUMIF(ЛСР!$B$12:$B$101,$B27,ЛСР!H$12:H$101) -> 7 | J27: =I27*H27 -> 0 | K27: =VLOOKUP(B27,ЛСР!$B$12:$K$101,10,0) -> 0
A28: =ROW()-2 -> 26 | B28: Источник вторичного электропитания тип 1 | D28: ИВЭПР 12/3,5 RS-R3 исп. 2x12 БР | E28: шт | F28: =SUMIF(ЛСР!$B$12:$B$101,$B28,ЛСР!F$12:F$101) -> 1 | G28: =SUMIF(ЛСР!$B$12:$B$101,$B28,ЛСР!G$12:G$101) -> 1 | H28: =SUMIF(ЛСР!$B$12:$B$101,$B28,ЛСР!H$12:H$101) -> 2 | J28: =I28*H28 -> 0 | K28: =VLOOKUP(B28,ЛСР!$B$12:$K$101,10,0) -> 0
A29: =ROW()-2 -> 27 | B29: Источник вторичного электропитания тип 2 | D29: ИВЭПР 12/5 RS-R3 исп. 2x40 БР | E29: шт | F29: =SUMIF(ЛСР!$B$12:$B$101,$B29,ЛСР!F$12:F$101) -> 1 | G29: =SUMIF(ЛСР!$B$12:$B$101,$B29,ЛСР!G$12:G$101) -> 1 | H29: =SUMIF(ЛСР!$B$12:$B$101,$B29,ЛСР!H$12:H$101) -> 2 | J29: =I29*H29 -> 0 | K29: =VLOOKUP(B29,ЛСР!$B$12:$K$101,10,0) -> 0
A30: =ROW()-2 -> 28 | B30: Источник вторичного электропитания тип 3 | D30: ИВЭПР 12/2 RS-R3 исп. 2x7 БР | E30: шт | F30: =SUMIF(ЛСР!$B$12:$B$101,$B30,ЛСР!F$12:F$101) -> 2 | G30: =SUMIF(ЛСР!$B$12:$B$101,$B30,ЛСР!G$12:G$101) -> 3 | H30: =SUMIF(ЛСР!$B$12:$B$101,$B30,ЛСР!H$12:H$101) -> 5 | J30: =I30*H30 -> 0 | K30: =VLOOKUP(B30,ЛСР!$B$12:$K$101,10,0) -> 0
A31: =ROW()-2 -> 29 | B31: Источник вторичного электропитания тип 4 | D31: РИП-12 исп.20 (РИП-12-1/7М2-Р) | E31: шт | F31: =SUMIF(ЛСР!$B$12:$B$101,$B31,ЛСР!F$12:F$101) -> 5 | G31: =SUMIF(ЛСР!$B$12:$B$101,$B31,ЛСР!G$12:G$101) -> 3 | H31: =SUMIF(ЛСР!$B$12:$B$101,$B31,ЛСР!H$12:H$101) -> 8 | J31: =I31*H31 -> 0 | K31: =VLOOKUP(B31,ЛСР!$B$12:$K$101,10,0) -> Встроенные помещения
A32: =ROW()-2 -> 30 | B32: Прибор управления средствами оповещения пожарный | C32: Sonar | D32: "Sonar SPM-B20050-AW" | E32: шт | F32: =SUMIF(ЛСР!$B$12:$B$101,$B32,ЛСР!F$12:F$101) -> 1 | G32: =SUMIF(ЛСР!$B$12:$B$101,$B32,ЛСР!G$12:G$101) -> 1 | H32: =SUMIF(ЛСР!$B$12:$B$101,$B32,ЛСР!H$12:H$101) -> 2 | J32: =I32*H32 -> 0 | K32: =VLOOKUP(B32,ЛСР!$B$12:$K$101,10,0) -> 0
A33: =ROW()-2 -> 31 | B33: Бокс под 2 АКБ 12В 40Ач | C33: Sonar | D33: Sonar "SPM-Bох" | E33: шт | F33: =SUMIF(ЛСР!$B$12:$B$101,$B33,ЛСР!F$12:F$101) -> 2 | G33: =SUMIF(ЛСР!$B$12:$B$101,$B33,ЛСР!G$12:G$101) -> 2 | H33: =SUMIF(ЛСР!$B$12:$B$101,$B33,ЛСР!H$12:H$101) -> 4 | J33: =I33*H33 -> 0 | K33: =VLOOKUP(B33,ЛСР!$B$12:$K$101,10,0) -> 0
A34: =ROW()-2 -> 32 | B34: Кожух для моноблоков серии SPM настенного исполнения | C34: Sonar | D34: кожух | E34: шт | F34: =SUMIF(ЛСР!$B$12:$B$101,$B34,ЛСР!F$12:F$101) -> 1 | G34: =SUMIF(ЛСР!$B$12:$B$101,$B34,ЛСР!G$12:G$101) -> 1 | H34: =SUMIF(ЛСР!$B$12:$B$101,$B34,ЛСР!H$12:H$101) -> 2 | J34: =I34*H34 -> 0 | K34: =VLOOKUP(B34,ЛСР!$B$12:$K$101,10,0) -> 0
A35: =ROW()-2 -> 33 | B35: Извещатель тип 1 | D35: пожарный дымовой оптико-электронный адресно-аналоговый ИП 212-64-R3 IP40 (новый корпус) | E35: шт | F35: =SUMIF(ЛСР!$B$12:$B$101,$B35,ЛСР!F$12:F$101) -> 411 | G35: =SUMIF(ЛСР!$B$12:$B$101,$B35,ЛСР!G$12:G$101) -> 735 | H35: =SUMIF(ЛСР!$B$12:$B$101,$B35,ЛСР!H$12:H$101) -> 1146 | J35: =I35*H35 -> 0 | K35: =VLOOKUP(B35,ЛСР!$B$12:$K$101,10,0) -> 0
A36: =ROW()-2 -> 34 | B36: Извещатель тип 2 | D36: пожарный ручной адресный с встроенным изолятором короткого замыкания ИПР 513-11 ИКЗ-А-R3 | E36: шт | F36: =SUMIF(ЛСР!$B$12:$B$101,$B36,ЛСР!F$12:F$101) -> 26 | G36: =SUMIF(ЛСР!$B$12:$B$101,$B36,ЛСР!G$12:G$101) -> 42 | H36: =SUMIF(ЛСР!$B$12:$B$101,$B36,ЛСР!H$12:H$101) -> 68 | J36: =I36*H36 -> 0 | K36: =VLOOKUP(B36,ЛСР!$B$12:$K$101,10,0) -> 0
A37: =ROW()-2 -> 35 | B37: Извещатель тип 3 | D37: пожарный автономный ИП 212-50М2 | E37: шт | F37: =SUMIF(ЛСР!$B$12:$B$101,$B37,ЛСР!F$12:F$101) -> 319 | G37: =SUMIF(ЛСР!$B$12:$B$101,$B37,ЛСР!G$12:G$101) -> 586 | H37: =SUMIF(ЛСР!$B$12:$B$101,$B37,ЛСР!H$12:H$101) -> 905 | J37: =I37*H37 -> 0 | K37: =VLOOKUP(B37,ЛСР!$B$12:$K$101,10,0) -> 0
A38: =ROW()-2 -> 36 | B38: Извещатель тип 4 | D38: охранный точечный магнитоконтактный ИО 102-26 | E38: шт | F38: =SUMIF(ЛСР!$B$12:$B$101,$B38,ЛСР!F$12:F$101) -> 22 | G38: =SUMIF(ЛСР!$B$12:$B$101,$B38,ЛСР!G$12:G$101) -> 38 | H38: =SUMIF(ЛСР!$B$12:$B$101,$B38,ЛСР!H$12:H$101) -> 60 | J38: =I38*H38 -> 0 | K38: =VLOOKUP(B38,ЛСР!$B$12:$K$101,10,0) -> 0
A39: =ROW()-2 -> 37 | B39: Извещатель тип 5 | D39: пожарный дымовой оптико-электронный адресно- аналоговый IP40 (новый корпус) ИП 212-45 | E39: шт | F39: =SUMIF(ЛСР!$B$12:$B$101,$B39,ЛСР!F$12:F$101) -> 33 | G39: =SUMIF(ЛСР!$B$12:$B$101,$B39,ЛСР!G$12:G$101) -> 16 | H39: =SUMIF(ЛСР!$B$12:$B$101,$B39,ЛСР!H$12:H$101) -> 49 | J39: =I39*H39 -> 0 | K39: =VLOOKUP(B39,ЛСР!$B$12:$K$101,10,0) -> Встроенные помещения
A40: =ROW()-2 -> 38 | B40: Извещатель тип 6 | D40: пожарный ручной адресный с встроенным изолятором короткого замыкания ИПР 513-10 | E40: шт | F40: =SUMIF(ЛСР!$B$12:$B$101,$B40,ЛСР!F$12:F$101) -> 6 | G40: =SUMIF(ЛСР!$B$12:$B$101,$B40,ЛСР!G$12:G$101) -> 4 | H40: =SUMIF(ЛСР!$B$12:$B$101,$B40,ЛСР!H$12:H$101) -> 10 | J40: =I40*H40 -> 0 | K40: =VLOOKUP(B40,ЛСР!$B$12:$K$101,10,0) -> Встроенные помещения
A41: =ROW()-2 -> 39 | B41: Устройство дистанционного пуска тип 1 | D41: УДП 513-11ИКЗ-R3 «Пуск дымоудаления» с встроенным изолятором короткого замыкания | E41: шт | F41: =SUMIF(ЛСР!$B$12:$B$101,$B41,ЛСР!F$12:F$101) -> 26 | G41: =SUMIF(ЛСР!$B$12:$B$101,$B41,ЛСР!G$12:G$101) -> 42 | H41: =SUMIF(ЛСР!$B$12:$B$101,$B41,ЛСР!H$12:H$101) -> 68 | J41: =I41*H41 -> 0 | K41: =VLOOKUP(B41,ЛСР!$B$12:$K$101,10,0) -> 0
A42: =ROW()-2 -> 40 | B42: Устройство дистанционного пуска тип 2 | D42: УДП 513-11ИКЗ-R3 «ЗАПУСК ПОЖАРНЫХ НАСОСОВ» с встроенным изолятором короткого замыкания | E42: шт | F42: =SUMIF(ЛСР!$B$12:$B$101,$B42,ЛСР!F$12:F$101) -> 46 | G42: =SUMIF(ЛСР!$B$12:$B$101,$B42,ЛСР!G$12:G$101) -> 40 | H42: =SUMIF(ЛСР!$B$12:$B$101,$B42,ЛСР!H$12:H$101) -> 86 | J42: =I42*H42 -> 0 | K42: =VLOOKUP(B42,ЛСР!$B$12:$K$101,10,0) -> 0
A43: =ROW()-2 -> 41 | B43: Устройство дистанционного пуска тип 3 | D43: УДП 513-10 «ЗАПУСК ПОЖАРНЫХ НАСОСОВ» с встроенным изолятором короткого замыкания | E43: шт | F43: =SUMIF(ЛСР!$B$12:$B$101,$B43,ЛСР!F$12:F$101) -> 5 | G43: =SUMIF(ЛСР!$B$12:$B$101,$B43,ЛСР!G$12:G$101) -> 3 | H43: =SUMIF(ЛСР!$B$12:$B$101,$B43,ЛСР!H$12:H$101) -> 8 | J43: =I43*H43 -> 0 | K43: =VLOOKUP(B43,ЛСР!$B$12:$K$101,10,0) -> Встроенные помещения
A44: =ROW()-2 -> 42 | B44: Оповещатель тип 1 | D44: Оповещатель световой “ВЫХОД” ОПОП 1-8 12В | E44: шт | F44: =SUMIF(ЛСР!$B$12:$B$101,$B44,ЛСР!F$12:F$101) -> 28 | G44: =SUMIF(ЛСР!$B$12:$B$101,$B44,ЛСР!G$12:G$101) -> 44 | H44: =SUMIF(ЛСР!$B$12:$B$101,$B44,ЛСР!H$12:H$101) -> 72 | J44: =I44*H44 -> 0 | K44: =VLOOKUP(B44,ЛСР!$B$12:$K$101,10,0) -> Встроенные помещения (6+4 шт)
A45: =ROW()-2 -> 43 | B45: Оповещатель тип 2 | D45: Оповещатель звуковой ОПОП 2-35 12В | E45: шт | F45: =SUMIF(ЛСР!$B$12:$B$101,$B45,ЛСР!F$12:F$101) -> 7 | G45: =SUMIF(ЛСР!$B$12:$B$101,$B45,ЛСР!G$12:G$101) -> 4 | H45: =SUMIF(ЛСР!$B$12:$B$101,$B45,ЛСР!H$12:H$101) -> 11 | J45: =I45*H45 -> 0 | K45: =VLOOKUP(B45,ЛСР!$B$12:$K$101,10,0) -> Встроенные помещения
A46: =ROW()-2 -> 44 | B46: Оповещатель тип 3 | D46: охранно-пожарный световой «Насосная станция пожаротушения» (световое табло (на защелках) (красный фон)) Молния-12 | E46: шт | F46: =SUMIF(ЛСР!$B$12:$B$101,$B46,ЛСР!F$12:F$101) -> 0 | G46: =SUMIF(ЛСР!$B$12:$B$101,$B46,ЛСР!G$12:G$101) -> 1 | H46: =SUMIF(ЛСР!$B$12:$B$101,$B46,ЛСР!H$12:H$101) -> 1 | J46: =I46*H46 -> 0 | K46: =VLOOKUP(B46,ЛСР!$B$12:$K$101,10,0) -> 0
... A62: =ROW()-2 -> 60 | B62: Аккумулятор тип 3 | D62: 40 Ач | E62: шт | F62: =SUMIF(ЛСР!$B$12:$B$101,$B62,ЛСР!F$12:F$101) -> 6 | G62: =SUMIF(ЛСР!$B$12:$B$101,$B62,ЛСР!G$12:G$101) -> 6 | H62: =SUMIF(ЛСР!$B$12:$B$101,$B62,ЛСР!H$12:H$101) -> 12 | J62: =I62*H62 -> 0 | K62: =VLOOKUP(B62,ЛСР!$B$12:$K$101,10,0) -> 0
A63: =ROW()-2 -> 61 | B63: Щит металлический тип 1 | C63: IEK | D63: ЩМП-5-0 1000х650х285мм У2 IP54 RAL 3020 | E63: шт | F63: =SUMIF(ЛСР!$B$12:$B$101,$B63,ЛСР!F$12:F$101) -> 1 | G63: =SUMIF(ЛСР!$B$12:$B$101,$B63,ЛСР!G$12:G$101) -> 1 | H63: =SUMIF(ЛСР!$B$12:$B$101,$B63,ЛСР!H$12:H$101) -> 2 | J63: =I63*H63 -> 0 | K63: =VLOOKUP(B63,ЛСР!$B$12:$K$101,10,0) -> 0
A64: =ROW()-2 -> 62 | B64: Щит металлический тип 2 | C64: IEK | D64: ЩМП-3-0 650х220х500мм У2 IP54 RAL 3020 | E64: шт | F64: =SUMIF(ЛСР!$B$12:$B$101,$B64,ЛСР!F$12:F$101) -> 0 | G64: =SUMIF(ЛСР!$B$12:$B$101,$B64,ЛСР!G$12:G$101) -> 1 | H64: =SUMIF(ЛСР!$B$12:$B$101,$B64,ЛСР!H$12:H$101) -> 1 | J64: =I64*H64 -> 0 | K64: =VLOOKUP(B64,ЛСР!$B$12:$K$101,10,0) -> 0
A65: =ROW()-2 -> 63 | B65: Знак пожарной безопасности тип 1 | D65: на пластиковой основе 100*100 «Кнопка включения пожарной автоматики» (извещатель пожарный ручной) F10 | E65: шт | F65: =SUMIF(ЛСР!$B$12:$B$101,$B65,ЛСР!F$12:F$101) -> 32 | G65: =SUMIF(ЛСР!$B$12:$B$101,$B65,ЛСР!G$12:G$101) -> 46 | H65: =SUMIF(ЛСР!$B$12:$B$101,$B65,ЛСР!H$12:H$101) -> 78 | J65: =I65*H65 -> 0 | K65: =VLOOKUP(B65,ЛСР!$B$12:$K$101,10,0) -> Встроенные помещения
A66: =ROW()-2 -> 64 | B66: Знак пожарной безопасности тип 2 | D66: на пластиковой основе 100*100 «Звуковой оповещатель пожарной тревоги» F11 | E66: шт | F66: =SUMIF(ЛСР!$B$12:$B$101,$B66,ЛСР!F$12:F$101) -> 42 | G66: =SUMIF(ЛСР!$B$12:$B$101,$B66,ЛСР!G$12:G$101) -> 64 | H66: =SUMIF(ЛСР!$B$12:$B$101,$B66,ЛСР!H$12:H$101) -> 106 | J66: =I66*H66 -> 0 | K66: =VLOOKUP(B66,ЛСР!$B$12:$K$101,10,0) -> Встроенные помещения
A67: =ROW()-2 -> 65 | B67: Знак пожарной безопасности тип 3 | D67: пленка ПВХ 100*100 «Кнопка включения пожарной автоматики» (извещатель пожарный ручной) F10 | E67: шт | F67: =SUMIF(ЛСР!$B$12:$B$101,$B67,ЛСР!F$12:F$101) -> 51 | G67: =SUMIF(ЛСР!$B$12:$B$101,$B67,ЛСР!G$12:G$101) -> 43 | H67: =SUMIF(ЛСР!$B$12:$B$101,$B67,ЛСР!H$12:H$101) -> 94 | J67: =I67*H67 -> 0 | K67: =VLOOKUP(B67,ЛСР!$B$12:$K$101,10,0) -> Встроенные помещения
A68: =ROW()-2 -> 66 | B68: Бесконтактный считыватель идентификаторов смарт-карт | D68: STR-RM-B01 | E68: шт | F68: =SUMIF(ЛСР!$B$12:$B$101,$B68,ЛСР!F$12:F$101) -> 5 | G68: =SUMIF(ЛСР!$B$12:$B$101,$B68,ЛСР!G$12:G$101) -> 3 | H68: =SUMIF(ЛСР!$B$12:$B$101,$B68,ЛСР!H$12:H$101) -> 8 | J68: =I68*H68 -> 0 | K68: =VLOOKUP(B68,ЛСР!$B$12:$K$101,10,0) -> Встроенные помещения
A69: =ROW()-2 -> 67 | B69: Карта Mifare | E69: шт | F69: =SUMIF(ЛСР!$B$12:$B$101,$B69,ЛСР!F$12:F$101) -> 5 | G69: =SUMIF(ЛСР!$B$12:$B$101,$B69,ЛСР!G$12:G$101) -> 3 | H69: =SUMIF(ЛСР!$B$12:$B$101,$B69,ЛСР!H$12:H$101) -> 8 | J69: =I69*H69 -> 0 | K69: =VLOOKUP(B69,ЛСР!$B$12:$K$101,10,0) -> Встроенные помещения
I70: ИТОГО: | J70: =SUM(J3:J69) -> 0
I71: проверка: | J71: =J70-ЛСР!J104 -> 0
B73: Примечание:
A74: - | B74: В случае, если один из перечисленных прочих материалов не был использован по факту при производстве работ, заказчик вправе откорректировать процент расходных материалов в актах выполненных работ (формы КС-2, КС-3), уменьшив на сумму исключенного материала.
A75: - | B75: Стоимость СМР учитывает - затраты на все второстепенные материалы и работы необходимые для осуществления полного комплекса работ, включая затраты: обеспечение технической водой для производства работ и бытовых целей; на мобилизацию, аренду и эксплуатацию всех необходимых механизмов, оборудования и инструментов, бытовых помещений и биотуалетов; на подъем материалов и разноску по этажам к местам производства работ; выполнение сопутствующих работ; вывоз мусора; накладные расходы, прибыль организации, налоги и иные издержки Подрядчика. Обеспечение безопасного производства работ на участке.
A76: - | B76: Стоимость материалов учитывает стоимость доставки.

Sheet Работы
C1: Свод по работам
C2: Устройство системы ПС и СОУЭ. ГП-72.208
A4: № | B4: Наименование | C4: Ед. изм. | D4: Итого | E4: Цена | F4: Сумма | G4: Примечание
A5: 11 | B5: Внутренние инженерные сети
A6: 11.10. | B6: Система пожарной сигнализации и система оповещения и управления эвакуацией людей при пожаре
B7: Прокладка КПП | C7: м | D7: =SUMIF(#REF!,B7,#REF!)+SUMIF(ЛСР!$B$12:$B$101,B7,ЛСР!$H$12:$H$101)+SUMIF(#REF!,B7,#REF!)+SUMIF(#REF!,B7,#REF!) -> #REF! | F7: =E7*D7 -> #REF!
B8: Прокладка трубы | C8: м | D8: =SUMIF(#REF!,B8,#REF!)+SUMIF(ЛСР!$B$12:$B$101,B8,ЛСР!$H$12:$H$101)+SUMIF(#REF!,B8,#REF!)+SUMIF(#REF!,B8,#REF!) -> #REF! | F8: =E8*D8 -> #REF!
B9: Прокладка металлорукава | C9: м | D9: =SUMIF(#REF!,B9,#REF!)+SUMIF(ЛСР!$B$12:$B$101,B9,ЛСР!$H$12:$H$101)+SUMIF(#REF!,B9,#REF!)+SUMIF(#REF!,B9,#REF!) -> #REF! | F9: =E9*D9 -> #REF!
B10: Монтажные работы ГП-208 секция №1 | C10: комплекс | D10: =SUMIF(#REF!,B10,#REF!)+SUMIF(ЛСР!$B$12:$B$101,B10,ЛСР!$H$12:$H$101)+SUMIF(#REF!,B10,#REF!)+SUMIF(#REF!,B10,#REF!) -> #REF! | F10: =E10*D10 -> #REF! | G10: за этаж, в тч подвал
B11: Монтажные работы ГП-208 секция №2 | C11: комплекс | D11: =SUMIF(#REF!,B11,#REF!)+SUMIF(ЛСР!$B$12:$B$101,B11,ЛСР!$H$12:$H$101)+SUMIF(#REF!,B11,#REF!)+SUMIF(#REF!,B11,#REF!) -> #REF! | F11: =E11*D11 -> #REF! | G11: за этаж, в тч подвал
B12: Монтажные работы ГП-208 секция №3 | C12: комплекс | D12: =SUMIF(#REF!,B12,#REF!)+SUMIF(ЛСР!$B$12:$B$101,B12,ЛСР!$H$12:$H$101)+SUMIF(#REF!,B12,#REF!)+SUMIF(#REF!,B12,#REF!) -> #REF! | F12: =E12*D12 -> #REF! | G12: за этаж, в тч подвал
B13: Монтажные работы ГП-208 секция №4 | C13: комплекс | D13: =SUMIF(#REF!,B13,#REF!)+SUMIF(ЛСР!$B$12:$B$101,B13,ЛСР!$H$12:$H$101)+SUMIF(#REF!,B13,#REF!)+SUMIF(#REF!,B13,#REF!) -> #REF! | F13: =E13*D13 -> #REF! | G13: за этаж
B14: Пусконаладочные работы тип 1 | C14: комплекс | D14: =SUMIF(#REF!,B14,#REF!)+SUMIF(ЛСР!$B$12:$B$101,B14,ЛСР!$H$12:$H$101)+SUMIF(#REF!,B14,#REF!)+SUMIF(#REF!,B14,#REF!) -> #REF! | F14: =E14*D14 -> #REF! | G14: Для секции №1 ГП-208
B15: Пусконаладочные работы тип 2 | C15: комплекс | D15: =SUMIF(#REF!,B15,#REF!)+SUMIF(ЛСР!$B$12:$B$101,B15,ЛСР!$H$12:$H$101)+SUMIF(#REF!,B15,#REF!)+SUMIF(#REF!,B15,#REF!) -> #REF! | F15: =E15*D15 -> #REF! | G15: Для секции №2 ГП-208
B16: Пусконаладочные работы тип 3 | C16: комплекс | D16: =SUMIF(#REF!,B16,#REF!)+SUMIF(ЛСР!$B$12:$B$101,B16,ЛСР!$H$12:$H$101)+SUMIF(#REF!,B16,#REF!)+SUMIF(#REF!,B16,#REF!) -> #REF! | F16: =E16*D16 -> #REF! | G16: Для секции №3 ГП-208
B17: Пусконаладочные работы тип 4 | C17: комплекс | D17: =SUMIF(#REF!,B17,#REF!)+SUMIF(ЛСР!$B$12:$B$101,B17,ЛСР!$H$12:$H$101)+SUMIF(#REF!,B17,#REF!)+SUMIF(#REF!,B17,#REF!) -> #REF! | F17: =E17*D17 -> #REF! | G17: Для секции №4 ГП-208
E18: Итого: | F18: =SUM(F7:F17) -> #REF!
F19: =F18-#REF!-ЛСР!J103-#REF!-#REF! -> #REF!
B21: Примечание:
A22: - | B22: В случае, если один из перечисленных прочих материалов не был использован по факту при производстве работ, заказчик вправе откорректировать процент расходных материалов в актах выполненных работ (формы КС-2, КС-3), уменьшив на сумму исключенного материала.
A23: - | B23: Стоимость СМР учитывает - затраты на все второстепенные материалы и работы необходимые для осуществления полного комплекса работ, включая затраты: обеспечение технической водой для производства работ и бытовых целей; на мобилизацию, аренду и эксплуатацию всех необходимых механизмов, оборудования и инструментов, бытовых помещений и биотуалетов; на подъем материалов и разноску по этажам к местам производства работ; выполнение сопутствующих работ; вывоз мусора; накладные расходы, прибыль организации, налоги и иные издержки Подрядчика. Обеспечение безопасного производства работ на участке.
A24: - | B24: Стоимость материалов учитывает стоимость доставки.

Sheet Материалы
D1: Свод по материалам
D2: Устройство системы ПС и СОУЭ. ГП-72.208
A4: № | B4: Наименование | C4: Марка | D4: Характеристика | E4: Ед. изм. | F4: Итого | G4: Цена | H4: Сумма | I4: Примечание | J4: Форма закупа материала
A5: 11 | B5: Внутренние инженерные сети
A6: 11.10. | B6: Система пожарной сигнализации и система оповещения и управления эвакуацией людей при пожаре
B7: Адресная метка | D7: АМ-4-R3 | E7: шт | F7: =SUMIF(#REF!,D7,#REF!)+SUMIF(ЛСР!$D$12:$D$101,D7,ЛСР!$H$12:$H$101)+SUMIF(#REF!,D7,#REF!)+SUMIF(#REF!,D7,#REF!) -> #REF! | G7: 1447 | H7: =G7*F7 -> #REF! | J7: закуп подрядчика
B8: Адресная метка | D8: АМ-1-R3 | E8: шт | F8: =SUMIF(#REF!,D8,#REF!)+SUMIF(ЛСР!$D$12:$D$101,D8,ЛСР!$H$12:$H$101)+SUMIF(#REF!,D8,#REF!)+SUMIF(#REF!,D8,#REF!) -> #REF! | G8: 810 | H8: =G8*F8 -> #REF! | J8: закуп подрядчика
B9: Аккумулятор тип 1 | D9: 7 Ач | E9: шт | F9: =SUMIF(#REF!,D9,#REF!)+SUMIF(ЛСР!$D$12:$D$101,D9,ЛСР!$H$12:$H$101)+SUMIF(#REF!,D9,#REF!)+SUMIF(#REF!,D9,#REF!) -> #REF! | G9: 904 | H9: =G9*F9 -> #REF! | J9: закуп подрядчика
B10: Аккумулятор тип 2 | D10: 12 Ач | E10: шт | F10: =SUMIF(#REF!,D10,#REF!)+SUMIF(ЛСР!$D$12:$D$101,D10,ЛСР!$H$12:$H$101)+SUMIF(#REF!,D10,#REF!)+SUMIF(#REF!,D10,#REF!) -> #REF! | G10: 1642 | H10: =G10*F10 -> #REF! | J10: закуп подрядчика
B11: Аккумулятор тип 3 | D11: 26 Ач | E11: шт | F11: =SUMIF(#REF!,D11,#REF!)+SUMIF(ЛСР!$D$12:$D$101,D11,ЛСР!$H$12:$H$101)+SUMIF(#REF!,D11,#REF!)+SUMIF(#REF!,D11,#REF!) -> #REF! | G11: 4095 | H11: =G11*F11 -> #REF! | J11: закуп подрядчика
B12: Бесконтактный считыватель идентификаторов смарт-карт | D12: STR-RM-B01 | E12: шт | F12: =SUMIF(#REF!,D12,#REF!)+SUMIF(ЛСР!$D$12:$D$101,D12,ЛСР!$H$12:$H$101)+SUMIF(#REF!,D12,#REF!)+SUMIF(#REF!,D12,#REF!) -> #REF! | G12: 5850 | H12: =G12*F12 -> #REF! | J12: закуп подрядчика
B13: Блок индикации и управления | D13: R3-Рубеж-БИУ | E13: шт | F13: =SUMIF(#REF!,D13,#REF!)+SUMIF(ЛСР!$D$12:$D$101,D13,ЛСР!$H$12:$H$101)+SUMIF(#REF!,D13,#REF!)+SUMIF(#REF!,D13,#REF!) -> #REF! | G13: 18173 | H13: =G13*F13 -> #REF! | J13: закуп подрядчика
B14: Бокс резервного электропитания | D14: БР-12 исп. 2x40 | E14: шт | F14: =SUMIF(#REF!,D14,#REF!)+SUMIF(ЛСР!$D$12:$D$101,D14,ЛСР!$H$12:$H$101)+SUMIF(#REF!,D14,#REF!)+SUMIF(#REF!,D14,#REF!) -> #REF! | G14: 6983 | H14: =G14*F14 -> #REF! | J14: закуп подрядчика
B15: Знаки пожарной безопасности тип 1 | D15: на пластиковой основе 100*100 «Кнопка включения пожарной автоматики» F10 | E15: шт | F15: =SUMIF(#REF!,D15,#REF!)+SUMIF(ЛСР!$D$12:$D$101,D15,ЛСР!$H$12:$H$101)+SUMIF(#REF!,D15,#REF!)+SUMIF(#REF!,D15,#REF!) -> #REF! | G15: 32 | H15: =G15*F15 -> #REF! | J15: закуп подрядчика
B16: Знаки пожарной безопасности тип 2 | D16: на пластиковой основе 100*100 «Звуковой оповещатель пожарной тревоги» F11 | E16: шт | F16: =SUMIF(#REF!,D16,#REF!)+SUMIF(ЛСР!$D$12:$D$101,D16,ЛСР!$H$12:$H$101)+SUMIF(#REF!,D16,#REF!)+SUMIF(#REF!,D16,#REF!) -> #REF! | G16: 32 | H16: =G16*F16 -> #REF! | J16: закуп подрядчика
B17: Знаки пожарной безопасности тип 3 | D17: пленка ПВХ 100*100 «Кнопка включения пожарной автоматики» F10 | E17: шт | F17: =SUMIF(#REF!,D17,#REF!)+SUMIF(ЛСР!$D$12:$D$101,D17,ЛСР!$H$12:$H$101)+SUMIF(#REF!,D17,#REF!)+SUMIF(#REF!,D17,#REF!) -> #REF! | G17: 25 | H17: =G17*F17 -> #REF! | J17: закуп подрядчика
B18: Извещатель тип 1 | D18: пожарный дымовой оптико-электронный адресно-аналоговый ИП 212-64-R3 IP40 (новый корпус) | E18: шт | F18: =SUMIF(#REF!,D18,#REF!)+SUMIF(ЛСР!$D$12:$D$101,D18,ЛСР!$H$12:$H$101)+SUMIF(#REF!,D18,#REF!)+SUMIF(#REF!,D18,#REF!) -> #REF! | G18: 1313 | H18: =G18*F18 -> #REF! | J18: закуп подрядчика
... B27: Источник вторичного электропитания тип 3 | D27: ИВЭПР 12/2 RS-R3 исп. 2x7 БР | E27: шт | F27: =SUMIF(#REF!,D27,#REF!)+SUMIF(ЛСР!$D$12:$D$101,D27,ЛСР!$H$12:$H$101)+SUMIF(#REF!,D27,#REF!)+SUMIF(#REF!,D27,#REF!) -> #REF! | G27: 6460 | H27: =G27*F27 -> #REF! | J27: закуп подрядчика
B28: Кабель тип 1 | C28: КПСнг(А)-FRLS | D28: симметричной парной скрутки, сеч. 1х2х0,5 мм2 | E28: м | F28: =SUMIF(#REF!,D28,#REF!)+SUMIF(ЛСР!$D$12:$D$101,D28,ЛСР!$H$12:$H$101)+SUMIF(#REF!,D28,#REF!)+SUMIF(#REF!,D28,#REF!) -> #REF! | G28: 21.65 | H28: =G28*F28 -> #REF! | J28: закуп подрядчика
B29: Кабель тип 2 | C29: КПСнг(А)-FRLS | D29: симметричной парной скрутки, сеч. 1х2х1,5 мм2 | E29: м | F29: =SUMIF(#REF!,D29,#REF!)+SUMIF(ЛСР!$D$12:$D$101,D29,ЛСР!$H$12:$H$101)+SUMIF(#REF!,D29,#REF!)+SUMIF(#REF!,D29,#REF!) -> #REF! | G29: 51.76 | H29: =G29*F29 -> #REF! | J29: закуп подрядчика
B30: Кабель тип 3 | C30: КПСнг(А)-FRLS | D30: симметричной парной скрутки, сеч. 2х2х0,2 мм2 | E30: м | F30: =SUMIF(#REF!,D30,#REF!)+SUMIF(ЛСР!$D$12:$D$101,D30,ЛСР!$H$12:$H$101)+SUMIF(#REF!,D30,#REF!)+SUMIF(#REF!,D30,#REF!) -> #REF! | G30: 18.13 | H30: =G30*F30 -> #REF! | J30: закуп подрядчика
B31: Кабель тип 4 | C31: ВВГнг(А)-FRLS | D31: Кабель огнестойкий силовой, сеч. 5x1,5 мм2 | E31: м | F31: =SUMIF(#REF!,D31,#REF!)+SUMIF(ЛСР!$D$12:$D$101,D31,ЛСР!$H$12:$H$101)+SUMIF(#REF!,D31,#REF!)+SUMIF(#REF!,D31,#REF!) -> #REF! | G31: 121.36 | H31: =G31*F31 -> #REF! | J31: закуп подрядчика
B32: Кабель тип 5 | C32: ВВГнг(А)-FRLS | D32: огнестойкий силовой, сеч. 3x1,5 мм2 | E32: м | F32: =SUMIF(#REF!,D32,#REF!)+SUMIF(ЛСР!$D$12:$D$101,D32,ЛСР!$H$12:$H$101)+SUMIF(#REF!,D32,#REF!)+SUMIF(#REF!,D32,#REF!) -> #REF! | G32: 79.31 | H32: =G32*F32 -> #REF! | J32: закуп подрядчика
B33: Кабель тип 6 | C33: КПСнг(А)-FRLS | D33: симметричной парной скрутки, сеч. 2х2х0,5 мм2 | E33: м | F33: =SUMIF(#REF!,D33,#REF!)+SUMIF(ЛСР!$D$12:$D$101,D33,ЛСР!$H$12:$H$101)+SUMIF(#REF!,D33,#REF!)+SUMIF(#REF!,D33,#REF!) -> #REF! | G33: 37.14 | H33: =G33*F33 -> #REF! | J33: закуп подрядчика
B34: Кабель-канал 100х60 | D34: CKK10-100-060-1-K01 | E34: м | F34: =SUMIF(#REF!,D34,#REF!)+SUMIF(ЛСР!$D$12:$D$101,D34,ЛСР!$H$12:$H$101)+SUMIF(#REF!,D34,#REF!)+SUMIF(#REF!,D34,#REF!) -> #REF! | G34: 410 | H34: =G34*F34 -> #REF! | J34: закуп подрядчика
B35: Карта Mifare | D35: Карта Mifare | E35: шт | F35: =SUMIF(#REF!,D35,#REF!)+SUMIF(ЛСР!$D$12:$D$101,D35,ЛСР!$H$12:$H$101)+SUMIF(#REF!,D35,#REF!)+SUMIF(#REF!,D35,#REF!) -> #REF! | G35: 14 | H35: =G35*F35 -> #REF! | J35: закуп подрядчика
B36: Коробка распределительная 80х80х40 | C36: DKC | D36: 53700 | E36: шт | F36: =SUMIF(#REF!,D36,#REF!)+SUMIF(ЛСР!$D$12:$D$101,D36,ЛСР!$H$12:$H$101)+SUMIF(#REF!,D36,#REF!)+SUMIF(#REF!,D36,#REF!) -> #REF! | G36: 93.5 | H36: =G36*F36 -> #REF! | J36: закуп подрядчика
B37: Коробка распределительная огнестойкая | D37: КМ-О (8к)-IP41 | E37: шт | F37: =SUMIF(#REF!,D37,#REF!)+SUMIF(ЛСР!$D$12:$D$101,D37,ЛСР!$H$12:$H$101)+SUMIF(#REF!,D37,#REF!)+SUMIF(#REF!,D37,#REF!) -> #REF! | G37: 354 | H37: =G37*F37 -> #REF! | J37: закуп подрядчика
B38: Лоток неперфорированный шириной 100*50 мм | D38: 100*50 мм | E38: м | F38: =SUMIF(#REF!,D38,#REF!)+SUMIF(ЛСР!$D$12:$D$101,D38,ЛСР!$H$12:$H$101)+SUMIF(#REF!,D38,#REF!)+SUMIF(#REF!,D38,#REF!) -> #REF! | G38: 423 | H38: =G38*F38 -> #REF! | J38: закуп подрядчика
B39: Металлорукав | D39: в ПВХ изоляции МРПИ НГ д20 морозостойкий черный, УХЛ1 zeta44405 | E39: м | F39: =SUMIF(#REF!,D39,#REF!)+SUMIF(ЛСР!$D$12:$D$101,D39,ЛСР!$H$12:$H$101)+SUMIF(#REF!,D39,#REF!)+SUMIF(#REF!,D39,#REF!) -> #REF! | G39: 100.4 | H39: =G39*F39 -> #REF! | J39: закуп подрядчика
B40: Модуль связи | D40: R3-МС | E40: шт | F40: =SUMIF(#REF!,D40,#REF!)+SUMIF(ЛСР!$D$12:$D$101,D40,ЛСР!$H$12:$H$101)+SUMIF(#REF!,D40,#REF!)+SUMIF(#REF!,D40,#REF!) -> #REF! | G40: 16827 | H40: =G40*F40 -> #REF! | J40: закуп подрядчика
B41: Модуль сопряжения | D41: R3-МС-E | E41: шт | F41: =SUMIF(#REF!,D41,#REF!)+SUMIF(ЛСР!$D$12:$D$101,D41,ЛСР!$H$12:$H$101)+SUMIF(#REF!,D41,#REF!)+SUMIF(#REF!,D41,#REF!) -> #REF! | G41: 41396 | H41: =G41*F41 -> #REF! | J41: закуп подрядчика
B42: Модуль управления клапаном дымоудаления и огнезащиты | D42: МДУ-1-R3 | E42: шт | F42: =SUMIF(#REF!,D42,#REF!)+SUMIF(ЛСР!$D$12:$D$101,D42,ЛСР!$H$12:$H$101)+SUMIF(#REF!,D42,#REF!)+SUMIF(#REF!,D42,#REF!) -> #REF! | G42: 4157 | H42: =G42*F42 -> #REF! | I42: МДУ-1c-R3 (МДУ-1-R3 не выпускают уже) | J42: закуп подрядчика
B43: Наконечник кольцевой НКИ 5,5-6 | D43: НКИ 5,5-6 | E43: шт | F43: =SUMIF(#REF!,D43,#REF!)+SUMIF(ЛСР!$D$12:$D$101,D43,ЛСР!$H$12:$H$101)+SUMIF(#REF!,D43,#REF!)+SUMIF(#REF!,D43,#REF!) -> #REF! | G43: 7 | H43: =G43*F43 -> #REF! | J43: закуп подрядчика
B44: Оповещатель тип 1 | D44: Оповещатель световой “ВЫХОД” ОПОП 1-8 | E44: шт | F44: =SUMIF(#REF!,D44,#REF!)+SUMIF(ЛСР!$D$12:$D$101,D44,ЛСР!$H$12:$H$101)+SUMIF(#REF!,D44,#REF!)+SUMIF(#REF!,D44,#REF!) -> #REF! | G44: 425 | H44: =G44*F44 -> #REF! | J44: закуп подрядчика
B45: Оповещатель тип 2 | D45: Оповещатель звуковой ОПОП 2-35 12В | E45: шт | F45: =SUMIF(#REF!,D45,#REF!)+SUMIF(ЛСР!$D$12:$D$101,D45,ЛСР!$H$12:$H$101)+SUMIF(#REF!,D45,#REF!)+SUMIF(#REF!,D45,#REF!) -> #REF! | G45: 554 | H45: =G45*F45 -> #REF! | J45: закуп подрядчика
B46: Оповещатель тип 3 | D46: охранно-пожарный световой «Насосная станция пожаротушения» (световое табло (на защелках) (красный фон)) Молния-12 | E46: шт | F46: =SUMIF(#REF!,D46,#REF!)+SUMIF(ЛСР!$D$12:$D$101,D46,ЛСР!$H$12:$H$101)+SUMIF(#REF!,D46,#REF!)+SUMIF(#REF!,D46,#REF!) -> #REF! | G46: 267 | H46: =G46*F46 -> #REF! | J46: закуп подрядчика
B47: Оповещатель тип 4 | D47: охранно-пожарный световой "Подключение пожарной техники" световое табло полусферическое (красный фон) Люкс-12 | E47: шт | F47: =SUMIF(#REF!,D47,#REF!)+SUMIF(ЛСР!$D$12:$D$101,D47,ЛСР!$H$12:$H$101)+SUMIF(#REF!,D47,#REF!)+SUMIF(#REF!,D47,#REF!) -> #REF! | G47: 436 | H47: =G47*F47 -> #REF! | J47: закуп подрядчика
B48: Оповещатель тип 5 | D48: световой "ВЫХОД" Молния-12 ULTRA универсальное крепление | E48: шт | F48: =SUMIF(#REF!,D48,#REF!)+SUMIF(ЛСР!$D$12:$D$101,D48,ЛСР!$H$12:$H$101)+SUMIF(#REF!,D48,#REF!)+SUMIF(#REF!,D48,#REF!) -> #REF! | G48: 3211 | H48: =G48*F48 -> #REF! | J48: закуп подрядчика
B49: Полка кабельная стальная оцинкованная | D49: pk200 | E49: шт | F49: =SUMIF(#REF!,D49,#REF!)+SUMIF(ЛСР!$D$12:$D$101,D49,ЛСР!$H$12:$H$101)+SUMIF(#REF!,D49,#REF!)+SUMIF(#REF!,D49,#REF!) -> #REF! | G49: 216 | H49: =G49*F49 -> #REF! | J49: закуп подрядчика
B50: Прибор приемно-контрольный и управления охранно-пожарный адресный | D50: R3-Рубеж-2ОП | E50: шт | F50: =SUMIF(#REF!,D50,#REF!)+SUMIF(ЛСР!$D$12:$D$101,D50,ЛСР!$H$12:$H$101)+SUMIF(#REF!,D50,#REF!)+SUMIF(#REF!,D50,#REF!) -> #REF! | G50: 36963 | H50: =G50*F50 -> #REF! | J50: закуп подрядчика
B51: Прибор приемно-контрольный и управления охранно-пожарный адресный | D51: АМП-4-R3 | E51: шт | F51: =SUMIF(#REF!,D51,#REF!)+SUMIF(ЛСР!$D$12:$D$101,D51,ЛСР!$H$12:$H$101)+SUMIF(#REF!,D51,#REF!)+SUMIF(#REF!,D51,#REF!) -> #REF! | G51: 4405 | H51: =G51*F51 -> #REF! | J51: закуп подрядчика
B52: Профиль C-образный | D52: C-образный | E52: шт | F52: =SUMIF(#REF!,D52,#REF!)+SUMIF(ЛСР!$D$12:$D$101,D52,ЛСР!$H$12:$H$101)+SUMIF(#REF!,D52,#REF!)+SUMIF(#REF!,D52,#REF!) -> #REF! | G52: 704 | H52: =G52*F52 -> #REF! | J52: закуп подрядчика
B53: Релейный модуль адресный тип 1 | D53: РМ-4-R3 | E53: шт | F53: =SUMIF(#REF!,D53,#REF!)+SUMIF(ЛСР!$D$12:$D$101,D53,ЛСР!$H$12:$H$101)+SUMIF(#REF!,D53,#REF!)+SUMIF(#REF!,D53,#REF!) -> #REF! | G53: 3160 | H53: =G53*F53 -> #REF! | J53: закуп подрядчика
B54: Релейный модуль адресный тип 2 | D54: с контролем целостности цепи РМ-4К-R3 | E54: шт | F54: =SUMIF(#REF!,D54,#REF!)+SUMIF(ЛСР!$D$12:$D$101,D54,ЛСР!$H$12:$H$101)+SUMIF(#REF!,D54,#REF!)+SUMIF(#REF!,D54,#REF!) -> #REF! | G54: 4017 | H54: =G54*F54 -> #REF! | J54: закуп подрядчика
... B64: Шкаф управления тип 2 | D64: ШУН/В-7,5-00-R3 | E64: шт | F64: =SUMIF(#REF!,D64,#REF!)+SUMIF(ЛСР!$D$12:$D$101,D64,ЛСР!$H$12:$H$101)+SUMIF(#REF!,D64,#REF!)+SUMIF(#REF!,D64,#REF!) -> #REF! | G64: 44928 | H64: =G64*F64 -> #REF! | J64: закуп подрядчика
B65: Шкаф управления тип 3 | D65: ШУЗ-3-0,75-00-R3 | E65: шт | F65: =SUMIF(#REF!,D65,#REF!)+SUMIF(ЛСР!$D$12:$D$101,D65,ЛСР!$H$12:$H$101)+SUMIF(#REF!,D65,#REF!)+SUMIF(#REF!,D65,#REF!) -> #REF! | G65: 65684 | H65: =G65*F65 -> #REF! | I65: ШУЗ-1,5-00-R3( ШУЗ-3-0,75-00-R3 снят с производства) | J65: закуп подрядчика
B66: Шкаф управления тип 4 | D66: ШУН/В-11,0-00-R3 | E66: шт | F66: =SUMIF(#REF!,D66,#REF!)+SUMIF(ЛСР!$D$12:$D$101,D66,ЛСР!$H$12:$H$101)+SUMIF(#REF!,D66,#REF!)+SUMIF(#REF!,D66,#REF!) -> #REF! | G66: 45716 | H66: =G66*F66 -> #REF! | J66: закуп подрядчика
B67: Шпилька для крепления профиля | D67: шпилька | E67: шт | F67: =SUMIF(#REF!,D67,#REF!)+SUMIF(ЛСР!$D$12:$D$101,D67,ЛСР!$H$12:$H$101)+SUMIF(#REF!,D67,#REF!)+SUMIF(#REF!,D67,#REF!) -> #REF! | G67: 112 | H67: =G67*F67 -> #REF! | J67: закуп подрядчика
B68: Щит металлический тип 1 | C68: IEK | D68: ЩМП-5-0 1000х650х285мм У2 IP54 RAL 3020 | E68: шт | F68: =SUMIF(#REF!,D68,#REF!)+SUMIF(ЛСР!$D$12:$D$101,D68,ЛСР!$H$12:$H$101)+SUMIF(#REF!,D68,#REF!)+SUMIF(#REF!,D68,#REF!) -> #REF! | G68: 18515 | H68: =G68*F68 -> #REF! | J68: закуп подрядчика
B69: Щит металлический тип 2 | C69: IEK | D69: ЩМП-3-0 650х220х500мм У2 IP54 RAL 3020 | E69: шт | F69: =SUMIF(#REF!,D69,#REF!)+SUMIF(ЛСР!$D$12:$D$101,D69,ЛСР!$H$12:$H$101)+SUMIF(#REF!,D69,#REF!)+SUMIF(#REF!,D69,#REF!) -> #REF! | G69: 9791 | H69: =G69*F69 -> #REF! | J69: закуп подрядчика
G70: Итого: | H70: =SUM(H7:H69) -> #REF!
H71: =H70-#REF!-ЛСР!J104-#REF!-#REF! -> #REF!
B73: Примечание:
A74: - | B74: В случае, если один из перечисленных прочих материалов не был использован по факту при производстве работ, заказчик вправе откорректировать процент расходных материалов в актах выполненных работ (формы КС-2, КС-3), уменьшив на сумму исключенного материала.
A75: - | B75: Стоимость СМР учитывает - затраты на все второстепенные материалы и работы необходимые для осуществления полного комплекса работ, включая затраты: обеспечение технической водой для производства работ и бытовых целей; на мобилизацию, аренду и эксплуатацию всех необходимых механизмов, оборудования и инструментов, бытовых помещений и биотуалетов; на подъем материалов и разноску по этажам к местам производства работ; выполнение сопутствующих работ; вывоз мусора; накладные расходы, прибыль организации, налоги и иные издержки Подрядчика. Обеспечение безопасного производства работ на участке.
A76: - | B76: Стоимость материалов учитывает стоимость доставки.
